 Dungeon Crawl Stone Soup version 0.17.1-3-g152610e (webtiles) character file.

9626521 Glider the Petrodigitator (level 27, 171/190 HPs)
             Began as a Gargoyle Fighter on Apr 2, 2016.
             Was the Champion of Zin.
             Escaped with the Orb
             ... and 15 runes on Apr 17, 2016!
             The game lasted 1 day 00:44:55 (181930 turns).

Glider the Petrodigitator (Gargoyle Fighter)  Turns: 181930, Time: 1 , 00:44:55

Health: 171/190    AC: 54    Str: 41    XL:     27
Magic:  52/52      EV: 39    Int: 44    God:    Zin [******]
Gold:   19196      SH: 19    Dex: 27    Spells: 14 memorised, 3 levels left

rFire  + + +     SeeInvis +     G - +9 eveningstar (flame)
rCold  + + .     Clarity  +     y - quicksilver dragon armour
rNeg   + + +     SustAt   .     W - +2 shield of Resistance {rF+ rC+ MR+}
rPois  ∞         Gourm    .     S - -2 hat of the Alchemist {rElec rPois rF+ rC+ rN+ MR+ rMut rCorr}
rElec  +         Spirit   .     R - +1 cloak of the Original Sin {+Inv rF+ rN+ MR+}
rCorr  +         Warding  .     l - +2 pair of gloves {Dex+3}
rMut   +         Stasis   .     a - +2 pair of boots {run}
MR     +++++                    g - amulet "Oris" {Clar Str+3 Int+3 Dex+4}
Stlth  ++........               M - ring of Efiumime {rPois rC+ rN+ Str+4 SInv}
                                L - ring of Unun {Wiz rElec rC- rN+ Int+6}

@: mighty, brilliant, agile, vitalised, flying, quick, almost entirely resistant
to hostile enchantments, unstealthy
A: big wings, rough black scales 1, negative energy resistance 1, electricity
resistance, unbreathing, petrification resistance, rot immunity, AC +20
a: Stop Flying, Recite, Vitalisation, Imprison, Sanctuary, Donate Gold, Cure All
Mutations, Renounce Religion, Evoke Invisibility
0: Orb of Zot
}: 15/15 runes: decaying, serpentine, slimy, silver, golden, iron, obsidian,
icy, bone, abyssal, demonic, glowing, magical, fiery, dark


You escaped.
You worshipped Zin.
Zin was exalted by your worship.
You were completely stuffed.

You visited 18 branches of the dungeon, and saw 95 of its levels.
You visited Pandemonium 6 times, and saw 27 of its levels.
You visited the Abyss 3 times.
You visited 5 ziggurats, and saw 81 of their levels (deepest: 17).
You also visited: Volcano and Wizlab.

You collected 23457 gold pieces.
You spent 3887 gold pieces at shops.
You donated 298 gold pieces to Zin.

Inventory:

Hand Weapons
 G - a +9 eveningstar of flaming (weapon)
Armour
 a - a +2 pair of boots of running (worn)
 l - a +2 pair of gloves of dexterity (worn)
 y - a quicksilver dragon armour (worn)
 R - the +1 cloak of the Original Sin (worn) {+Inv rF+ rN+ MR+}
   (You found it on level 7 of a ziggurat)

   It protects you from fire.
   It protects you from negative energy.
   It affects your resistance to hostile enchantments.
   It lets you turn invisible.
 S - the -2 hat of the Alchemist (worn) {rElec rPois rF+ rC+ rN+ MR+ rMut rCorr}
   (You found it on level 11 of a ziggurat)

   It protects you from fire.
   It protects you from cold.
   It insulates you from electricity.
   It protects you from poison.
   It protects you from negative energy.
   It affects your resistance to hostile enchantments.
   It protects you from acid and corrosion.
   It protects you from mutation.
 W - the +2 shield of Resistance (worn) {rF+ rC+ MR+}
   (You acquired it on level 10 of a ziggurat)

   It protects you from fire.
   It protects you from cold.
   It affects your resistance to hostile enchantments.
Magical Staves
 b - an uncursed staff of energy
Jewellery
 g - the amulet "Oris" (around neck) {Clar Str+3 Int+3 Dex+4}
   (You took it off a deep elf conjurer on level 4 of the Vaults)

   [amulet of clarity]

   It provides mental clarity.
   It affects your strength (+3).
   It affects your intelligence (+3).
   It affects your dexterity (+4).
 L - the ring of Unun (left hand) {Wiz rElec rC- rN+ Int+6}
   (You found it on level 11 of a ziggurat)

   [ring of wizardry]

   It improves your spell success rate.
   It affects your intelligence (+6).
   It makes you vulnerable to cold.
   It insulates you from electricity.
   It protects you from negative energy.
 M - the ring of Efiumime (right hand) {rPois rC+ rN+ Str+4 SInv}
   (You found it on level 16 of a ziggurat)

   [ring of see invisible]

   It affects your strength (+4).
   It protects you from cold.
   It protects you from poison.
   It protects you from negative energy.
   It lets you see invisible.
 Q - the ring "Fyschax" {rN+ MR+ Dex+4 Slay+5 Stlth+}
   (You found it on level 11 of a ziggurat)

   [ring of protection from magic]

   It affects your dexterity (+4).
   It affects your accuracy and damage with ranged weapons and melee attacks
   (+5).
   It protects you from negative energy.
   It affects your resistance to hostile enchantments.
   It makes you more stealthy.
 X - the ring "Daybit" {+Fly rPois Int+6 Slay+4}
   (You found it on level 15 of a ziggurat)

   [ring of flight]

   It affects your intelligence (+6).
   It affects your accuracy and damage with ranged weapons and melee attacks
   (+4).
   It protects you from poison.
   It lets you fly.
Wands
 t - a wand of heal wounds (9)
 D - a wand of heal wounds (7)
 O - a wand of hasting (8)
 U - a wand of disintegration (15)
Scrolls
 n - 47 scrolls of remove curse
 o - 70 scrolls of teleportation
 r - 9 scrolls of identify
 s - 24 scrolls of blinking
 u - 49 scrolls of fog
 z - 19 scrolls of magic mapping
 E - 4 scrolls of silence
 N - 23 scrolls of recharging
 P - 8 scrolls of enchant armour
 V - 14 scrolls of fear
 Z - 6 scrolls of holy word
Potions
 c - 14 potions of brilliance
 d - 7 potions of might
 f - 4 potions of resistance
 j - 4 potions of invisibility
 m - 7 potions of agility
 v - 11 potions of cure mutation
 A - 3 potions of magic
 B - 8 potions of heal wounds
 C - 36 potions of curing
 F - 16 potions of haste
 I - 2 potions of cancellation
Miscellaneous
 e - 6 phantom mirrors
 k - a stone of tremors
 p - a fan of gales
 w - a legendary deck of defence {the Shaft}
 H - an ornate deck of defence {the Blade, drawn: 2}
 J - a lamp of fire
 K - a legendary deck of war {the Blade, drawn: 2}
 T - a phial of floods
 Y - an ornate deck of changes {the Potion, drawn: 6}
Comestibles
 h - 23 meat rations
 q - 6 royal jellies


   Skills:
 - Level 24.0 Fighting
 - Level 20.0 Maces & Flails
 O Level 27 Armour
 + Level 20.4 Dodging
 - Level 10.0 Stealth
 - Level 15.0 Shields
 - Level 25.0 Spellcasting
 O Level 27 Conjurations
 - Level 3.0 Hexes
 - Level 19.0 Charms
 - Level 3.1 Summonings
 - Level 24.0 Translocations
 O Level 27 Ice Magic
 - Level 15.0 Air Magic
 O Level 27 Earth Magic
 - Level 26.0 Invocations
 * Level 20.7 Evocations


You had 3 spell levels left.
You knew the following spells:

 Your Spells              Type           Power        Failure   Level  Hunger
a - Shatter               Erth           ########..   1%          9    None
b - Lee's Rapid Deconstr  Erth           ########..   0%          5    None
c - Swiftness             Chrm/Air       ########     0%          2    None
d - Lehudib's Crystal Sp  Conj/Erth      ########..   1%          8    None
e - Glaciate              Conj/Ice       ########..   1%          9    None
f - Controlled Blink      Tloc           N/A          1%          8    None
g - Apportation           Tloc           ########..   0%          1    None
h - Summon Butterflies    Summ           #######.     1%          1    None
j - Haste                 Chrm           ########     1%          6    None
k - Iron Shot             Conj/Erth      ########..   0%          6    None
l - Deflect Missiles      Chrm/Air       ########..   1%          6    None
n - Phase Shift           Tloc           ########..   0%          5    None
o - Silence               Hex/Air        ########..   1%          5    None
p - Stoneskin             Trmt/Erth      ########     0%          2    None


Dungeon Overview and Level Annotations

Branches:
Dungeon (15/15)            Temple (1/1) D:6            Lair (8/8) D:10
  Swamp (4/4) Lair:6        Snake (4/4) Lair:3        Slime (6/6) Lair:7
    Orc (4/4) D:11            Elf (3/3) Orc:4        Vaults (5/5) D:13
  Crypt (3/3) Vaults:2       Tomb (3/3) Crypt:3      Depths (5/5) D:15
   Hell (1/1)                 Dis (7/7) Hell            Geh (7/7) Hell
    Coc (7/7) Hell            Tar (7/7) Hell            Zot (5/5) Depths:5

Altars:
Ashenzari
Cheibriados
Dithmenos
Elyvilon
Fedhas
Gozag
Kikubaaqudgha
Makhleb
Okawaru
Qazlal
Ru
Sif Muna
Trog
Vehumet
Xom
Yredelemnul
Zin
The Shining One
Beogh
Jiyva

Shops:
D:5 %   D:6 [   D:9 *   D:12 }   Orc:1 (   Orc:2 *   Orc:4 *:([   Elf:1 *
Elf:2 }   Vaults:1 !   Vaults:4 [   Vaults:5 ?!%   Depths:1 (:

Portals:
Hell: Lair:8 Depths:1 Depths:2 Depths:3 Depths:4 Depths:5
Abyss: Depths:4
Pandemonium: Depths:3

Annotations:
Lair:6 exclusion: 4 oklob plants


Innate Abilities, Weirdness & Mutations

You are resistant to torment.
Your stone body is resilient (AC +20).
You are immune to poison.
Your large and strong wings let you fly indefinitely.
You resist negative energy.
You are resistant to electric shocks.
You can survive without breathing.
You are immune to petrification.
You are immune to rotting.
You are partially covered in rough black scales (AC +4, Dex -1).


Message History

Drink which item? (? for menu, Esc to quit)
Your magical contamination has completely faded away.
You feel magically purged.
Drink which item? (? for menu, Esc to quit)
You feel very mighty all of a sudden.
Drink which item? (? for menu, Esc to quit)
You feel clever all of a sudden.
Drink which item? (? for menu, Esc to quit)
You feel agile all of a sudden.
Eat which item? (? for menu, Esc to quit)
You continue eating.
The cherub shoots an arrow.
The arrow closely misses you.
You continue eating.
You finish eating.
That meat ration really hit the spot!
Drink which item? (? for menu, Esc to quit)
Magic courses through your body.
The cherub shoots an arrow.
You block the arrow.
Drink which item? (? for menu, Esc to quit)
Okay, then.
You have escaped!

#.# #...# #.#
###...### #.#
#.A.....#
#.####.......####
#.#.............#
#.+......⌠......#
#.#.............#
#.####.......####
#.# #@......# #.#
###...### #.#
#...# #.# #...#
#.#######'##
#.........#
###########


You could see a cherub.

Vanquished Creatures
  Cerebov (Pan)
  Antaeus (Coc:7)
  Asmodeus (Geh:7)
  the royal jelly (Slime:6)
  Ereshkigal (Tar:7)
  Gloorx Vloq (Pan)
  A seraph (Pan)
  the Serpent of Hell (Dis:7)
  Mnoleg (Pan)
  Lom Lobon (Pan)
  Dispater (Dis:7)
  Khufu (Crypt:3)
  12 ancient liches
  7 orbs of fire
  Mara (Crypt:3)
  Mennas (Vaults:3)
  9 juggernauts
  44 greater mummies
  Boris (twice) (Vaults:4 Crypt:2)
  16 shard shrikes
  22 pandemonium lords
  Norris (Depths:1)
  Saint Roka (Orc:3)
  6 Killer Klowns
  16 caustic shrikes
  3 curse toes
  Geryon (Hell)
  Nikola (Depths:1)
  11 golden dragons
  11 bone dragons
  2 pearl dragons (Pan)
  7 profane servitors
  The ghost of mrAntonBest the End of an Era, a veteran GrFi of Qazlal (Vaults:4)
  33 Brimstone Fiends
  17 liches
  The ghost of CcS the Wrestler, an adept DrTm of Ru (Depths:2)
  4 electric golems
  Jorgrun (Crypt:1)
  A hellephant (Zig:14)
  29 Orb Guardians
  Rupert (Lair:8)
  11 tentacled monstrosities
  19 Ice Fiends
  23 Hell Sentinels
  A quicksilver dragon (shapeshifter) (Zig:8)
  4 quicksilver dragons
  Asterion (Snake:3)
  10 deep elf blademasters
  13 titans
  31 Shadow Fiends
  3 deep elf master archers
  34 acid blobs
  15 sphinxes
  2 death cobs
  50 Executioners
  16 ancient champions
  4 octopode crushers
  7 eldritch tentacles
  20 storm dragons
  45 tentacled starspawn
  15 shadow dragons
  5 thorn hunters
  11 tengu reavers
  40 greater nagas
  19 blood saints
  19 daevas
  7 draconian monks
  19 azure jellies
  15 frost giants
  21 fire giants
  Wiglaf (Vaults:3)
  10 revenants
  A fire giant (shapeshifter) (Zig:4)
  18 chaos champions
  11 deep elf sorcerers
  6 orc warlords (Zig:16)
  32 black suns
  6 draconian scorchers
  59 balrugs
  12 draconian knights
  Aizul (Snake:1)
  18 iron dragons
  24 ghost moths
  2 spectral juggernauts (Zig:16)
  23 vault wardens
  A juggernaut zombie (Zig:15)
  5 emperor scorpions
  9 curse skulls
  4 caustic shrike zombies
  39 cacodemons
  8 draconian zealots
  10 draconian shifters
  21 warmongers
  34 angels
  21 war gargoyles
  17 ghouls
  36 stone giants
  19 ironheart preservers
  37 very ugly things
  11 draconian annihilators
  A juggernaut skeleton (Zig:12)
  9 draconian callers
  2 spriggan defenders
  7 vampire knights
  6 elemental wellsprings
  2 caustic shrike skeletons
  64 reapers
  17 salamander firebrands
  28 apis (Pan)
  10 black draconians
  9 green draconians
  17 ophanim (Pan)
  9 deep elf demonologists
  3 salamander stormcallers
  21 lorocyprocas
  10 bennus
  12 yellow draconians
  26 corrupters
  22 purple draconians
  8 white draconians
  11 red draconians
  7 dire elephants
  19 deep elf annihilators
  20 ettins
  12 mottled draconians
  7 eidola
  13 deep elf death magi
  A merfolk javelineer (Zig:6)
  67 blizzard demons
  9 death oozes
  A crystal guardian (Zig:16)
  48 mummy priests
  4 quicksilver dragon zombies
  40 green deaths
  32 vault guards
  3 jiangshi (Crypt:3)
  19 fire dragons
  A merfolk impaler (Zig:6)
  2 kraken zombies
  28 ice dragons
  11 deep elf high priests
  32 yaktaur captains
  12 hell beasts
  28 naga warriors
  14 entropy weavers
  2 spriggan air magi
  27 great orbs of eyes
  A hydra (shapeshifter) (Zig:15)
  28 monstrous demonspawn
  8 rakshasas
  3 catoblepae
  29 hydras
  9 statues (WizLab)
  A ghost crab (shapeshifter) (Elf:2)
  7 quicksilver dragon skeletons
  13 centaur warriors
  10 death knights
  5 ghost crabs
  17 ogre magi
  2 merfolk aquamancers
  An alligator snapping turtle (Zig:6)
  9 deep troll shamans
  26 anacondas
  21 dancing weapons
  9 alligators
  11 tengu warriors
  27 thrashing horrors
  11 death yaks
  7 vampire magi
  7 deep troll earth magi
  An anaconda (shapeshifter) (Depths:3)
  5 hell hogs
  9 spriggan berserkers
  6 orc high priests
  90 sun demons
  62 soul eaters
  14 shock serpents
  6 holy swine (Pan)
  8 titan zombies
  24 naga sharpshooters
  13 storm dragon zombies
  Nergalle (Lair:4)
  A fire crab (shapeshifter) (Abyss:1)
  3 iron golems
  9 titan skeletons
  128 skeletal warriors
  34 wretched stars
  8 salamander mystics
  2 fire crabs
  3 iron trolls
  50 hell knights
  39 deep elf knights
  57 death scarabs
  4 ghost moth zombies
  12 anaconda zombies
  97 ice devils
  7 storm dragon skeletons
  6 golden dragon zombies
  14 cherubim (Pan)
  2 kraken simulacra (Coc:7)
  9 sea snakes
  A spriggan druid (Zig:5)
  19 deep trolls
  30 shadow wraiths
  32 shadow demons
  15 swamp dragons
  An unseen horror (shapeshifter) (D:15)
  4 spatial maelstroms
  2 swamp dragons (shapeshifter)
  3 death drakes
  13 giant orange brains
  2 lindwurms (Depths:1)
  A harpy (Vaults:1)
  27 torturous demonspawn
  21 deep elf summoners
  12 naga ritualists
  141 large abominations
  4 unseen horrors
  5 golden dragon skeletons
  3 obsidian statues
  42 gelid demonspawn
  25 infernal demonspawn
  32 anubis guards
  11 shadow dragon zombies
  18 ironbrand convokers
  Pikel (D:5)
  15 mana vipers
  19 necromancers
  32 putrid demonspawn
  14 flayed ghosts
  A tengu zombie (Zig:12)
  An anubis guard (shapeshifter) (Zig:15)
  8 hill giants
  8 wizards
  A harpy (shapeshifter) (D:14)
  35 orb spiders
  The ghost of cada the Changer, a novice NaTm of Cheibriados (D:7)
  23 phantasmal warriors
  21 orc knights
  A sphinx zombie (Zig:8)
  9 wolf spider zombies
  5 iron dragon zombies
  10 griffons
  12 stone giant zombies
  6 anaconda skeletons
  2 hornets (shapeshifter)
  13 shining eyes
  29 deep elf conjurers
  6 oklob plants
  5 frost giant zombies
  27 wolf spiders
  A manticore (shapeshifter) (Zig:10)
  A faun (shapeshifter) (Abyss:1)
  10 orc sorcerers
  7 shadow dragon skeletons
  A sphinx skeleton (Zig:14)
  56 sixfirhies
  7 cyclopes
  2 manticores (Zig:6)
  2 moths of wrath (shapeshifter)
  33 salamanders
  12 fire giant zombies
  2 octopodes (shapeshifter)
  A salamander (shapeshifter) (Abyss:2)
  27 hornets
  6 fire giant skeletons
  88 ugly things
  7 dire elephant zombies
  7 spriggan zombies
  A toenail golem (Pan)
  8 elephants
  54 rust devils
  7 iron dragon skeletons
  A shock serpent zombie (Tar:7)
  13 molten gargoyles
  8 frost giant skeletons
  32 guardian serpents
  29 moths of wrath
  10 apocalypse crabs
  17 vault sentinels
  An alligator snapping turtle zombie (Crypt:3)
  88 smoke demons
  5 stone giant skeletons
  5 ice statues
  29 naga magi
  A black mamba (shapeshifter) (Vaults:1)
  73 black mambas
  5 titan simulacra
  13 worldbinders
  2 emperor scorpion zombies
  13 torpor snails
  7 eyes of devastation
  6 gargoyles
  7 spriggan skeletons
  11 dire elephant skeletons
  5 catoblepas zombies
  3 shock serpent skeletons
  58 orange demons
  26 spiny frogs
  A purple draconian zombie (Dis:7)
  A yellow draconian zombie (Crypt:3)
  5 fire drakes
  11 komodo dragons
  5 anaconda simulacra (Coc:7)
  3 kobold demonologists
  A pale draconian zombie (Crypt:2)
  6 storm dragon simulacra
  16 efreet
  62 hellions
  A mottled draconian skeleton (Geh:7)
  10 hydra zombies
  2 tengu conjurers
  109 yaktaurs
  66 guardian mummies
  39 hellwings
  A catoblepas skeleton (Abyss:1)
  A fire drake (shapeshifter) (Elf:2)
  A grey draconian skeleton (Crypt:1)
  8 trolls
  41 freezing wraiths
  13 jumping spiders
  2 silent spectres
  59 tormentors
  2 shadow dragon simulacra
  51 demonic crawlers
  18 merfolk
  29 deep elf priests
  A wolf spider simulacrum (Crypt:2)
  A spectral glowing shapeshifter (Zig:16)
  27 blink frogs
  3 harpy zombies
  A golden dragon simulacrum (Zig:11)
  A two-headed ogre (shapeshifter) (Zig:16)
  76 red devils
  7 harpy skeletons
  2 tengu simulacra
  24 ancient zymes
  2 trolls (shapeshifter)
  39 blue devils
  A queen bee (shapeshifter) (Zig:10)
  Grinder (D:5)
  28 raiju
  5 ettin zombies
  214 slime creatures
  2 wind drakes (shapeshifter)
  9 hydra skeletons
  2 snapping turtles
  13 bog bodies
  3 fire dragon zombies
  6 ice dragon zombies
  A minotaur skeleton (Geh:3)
  23 ushabtiu
  5 giant leeches
  17 two-headed ogres
  12 boulder beetles
  8 alligator zombies
  A shock serpent simulacrum (Coc:7)
  137 flying skulls
  A fire giant simulacrum (Depths:4)
  A sphinx simulacrum (Zig:11)
  29 redbacks
  2 black mamba zombies
  2 frost giant simulacra
  A stone giant simulacrum (Abyss:1)
  25 vampires
  A wyvern (D:14)
  55 shadows
  10 fire dragon skeletons
  A redback (shapeshifter) (Depths:5)
  31 wraiths
  A deep troll skeleton (Zig:1)
  A human (shapeshifter) (Vaults:4)
  18 water elementals
  7 ice dragon skeletons
  27 tarantellas
  6 alligator skeletons
  107 ynoxinuls
  73 starcursed masses
  An ettin skeleton (Crypt:1)
  61 yaks
  24 golden eyes
  23 fire elementals
  3 black mamba skeletons
  20 trapdoor spiders
  A yak (shapeshifter) (Depths:3)
  Eustachio (D:4)
  78 neqoxecs
  4 spriggans
  49 deep elf fighters
  58 deep elf magi
  18 hippogriffs
  4 basilisks
  2 hogs (shapeshifter)
  10 hungry ghosts
  65 chaos spawn
  A steam dragon (Lair:3)
  7 wolves
  A catoblepas simulacrum (Coc:7)
  2 tarantellas (shapeshifter)
  5 fire bats (Abyss:1)
  7 wargs
  12 insubstantial wisps
  A mottled dragon (Vaults:1)
  35 vampire mosquitoes
  A spatial vortex (Abyss:1)
  A water nymph zombie (Crypt:3)
  Edmund (D:4)
  A soldier ant (D:11)
  16 swamp worms
  57 small abominations
  A merfolk zombie (Hell)
  4 sky beasts
  39 hell hounds
  A soldier ant (shapeshifter) (Abyss:1)
  18 swamp drakes
  An ettin simulacrum (Abyss:1)
  13 porcupines
  73 nagas
  A spiny frog skeleton (Geh:7)
  70 orc warriors
  28 water moccasins
  A black bear (shapeshifter) (Vaults:1)
  6 hydra simulacra (Coc:7)
  11 spiders
  4 spiny frog zombies
  7 wasps
  A gelid demonspawn skeleton (Crypt:2)
  30 necrophages
  A fire dragon simulacrum (Hell)
  A ghost crab zombie (Crypt:1)
  5 ice beasts
  54 ogres
  2 swamp dragon zombies
  6 snapping turtle zombies
  13 eyes of draining
  3 manticore zombies
  8 phantoms
  A black bear (D:9)
  5 boggarts
  6 snapping turtle skeletons
  An anubis guard skeleton (Crypt:2)
  3 manticore skeletons
  24 centaurs
  3 swamp dragon skeletons
  A torpor snail zombie (Crypt:3)
  36 crocodiles
  5 earth elementals
  23 giant frogs
  2 brain worms
  6 elf zombies
  A water moccasin zombie (Crypt:1)
  3 big kobolds
  7 elf skeletons
  A wyvern skeleton (D:11)
  A gnoll sergeant (D:9)
  6 scorpions
  A human simulacrum (Vaults:2)
  12 killer bees
  A snapping turtle simulacrum (Tomb:3)
  108 wights
  17 quasits
  11 electric eels
  19 crimson imps
  7 centaur zombies
  A wasp zombie (D:11)
  A giant frog skeleton (D:12)
  3 giant frog zombies
  8 human zombies
  48 orc priests
  9 hounds
  8 iguanas
  27 iron imps
  40 jellies
  42 orc wizards
  9 centaur skeletons
  2 gnoll shamans (D:9)
  4 human skeletons
  30 sheep
  Natasha (thrice) (D:3)
  9 hell rats
  A lightning spire (Zig:16)
  15 worker ants
  A naga skeleton (Crypt:2)
  A hound zombie (Crypt:1)
  A mottled dragon skeleton (Crypt:3)
  3 tengu skeletons
  123 mummies
  19 adders
  95 river rats
  An adder (shapeshifter) (Vaults:2)
  16 shadow imps
  8 gnolls
  25 white imps
  13 ufetubi
  3 giant eyeballs (Pan)
  5 oozes
  A worm zombie (Crypt:3)
  3 worms
  A worm (shapeshifter) (Vaults:3)
  3 adder skeletons
  9 giant geckos
  267 orcs
  6 ball pythons
  11 bats
  4 giant cockroaches
  11 hobgoblins
  10 jackals
  20 kobolds
  A ball python skeleton (Crypt:1)
  A bat (shapeshifter) (Depths:5)
  A giant cockroach zombie (Crypt:2)
  4 giant newts
  A gnoll zombie (Crypt:2)
  18 goblins
  An orc skeleton (Geh:5)
  2 orc zombies
  4 quokkas
  A quokka skeleton (D:6)
  A quokka zombie (D:9)
  11 rats
  4 blocks of ice
  7 briar patches
  8 crawling corpses
  A fire vortex (Vaults:5)
  3 fungi (Lair:7)
  A lost soul (Crypt:3)
  A lurking horror (Abyss:2)
  36 pillars of salt
  6 plants
  38 starspawn tentacles
  2 tentacles (Hell)
8557 creatures vanquished.

Vanquished Creatures (collateral kills)
  Sojobo (Crypt:2)
  A caustic shrike (Depths:1)
  A tentacled monstrosity (Zot:3)
  2 death cobs
  An octopode crusher (Zig:5)
  A tengu reaver (Crypt:2)
  2 azure jellies (Slime:6)
  A spriggan defender (Depths:3)
  An ophan (Pan)
  2 red draconians (Zot:2)
  A yaktaur captain (Zig:10)
  A crystal guardian (Zig:16)
  A storm dragon zombie (Dis:7)
  A wolf spider (Zig:14)
  A moth of wrath (Zot:3)
  A salamander (Snake:4)
  A demonic crawler (Zig:14)
  4 merfolk (Zig:5)
  A slime creature (Slime:6)
  A snapping turtle (Zig:5)
  A water elemental (Zig:5)
  A naga (Snake:4)
  A spider (Zig:14)
  A centaur (Zig:5)
  A crawling corpse (Zig:16)
  A fungus (Lair:2)
  6 pillars of salt (Zig:10)
38 creatures vanquished.

Vanquished Creatures (others)
  The ghost of chimenez the Severer, an adept FoFi of Cheibriados (Elf:3)
  2 eldritch tentacles
  An Executioner (Zig:9)
  2 ancient champions (Tomb:2)
  A revenant (Crypt:1)
  2 draconian scorchers
  An iron dragon (Zig:16)
  A stone giant (Vaults:5)
  A blood saint (Pan)
  A vampire knight (Depths:1)
  An ettin (Vaults:5)
  A yaktaur captain (Depths:2)
  A rakshasa (Vaults:2)
  A spriggan air mage (Depths:2)
  A deep troll earth mage (Depths:2)
  A spriggan berserker (Depths:2)
  A deep elf knight (Zig:15)
  A death scarab (Tomb:3)
  A skeletal warrior (Coc:7)
  A deep elf summoner (Zig:12)
  4 ball lightnings
  3 deep elf conjurers
  A stone giant zombie (Geh:7)
  An ironbrand convoker (Zig:11)
  An ugly thing (Zig:10)
  A moth of wrath (Zot:5)
  2 smoke demons
  2 black mambas
  A yaktaur (Zig:11)
  2 hellwings (Pan)
  An ancient zyme (Abyss:1)
  3 two-headed ogres
  A shadow dragon simulacrum (Zig:13)
  A raiju (Abyss:1)
  9 flying skulls
  An ushabti (Tomb:2)
  4 deep elf magi
  An ice dragon skeleton (Tomb:3)
  7 deep elf fighters
  A hog (shapeshifter) (Zig:10)
  A golden eye (Abyss:2)
  A chaos spawn (Abyss:1)
  A neqoxec (Zig:9)
  2 water moccasins
  A naga (Depths:1)
  A swamp drake (Swamp:4)
  A boggart (Depths:2)
  A spiny frog skeleton (Tomb:3)
  A human (D:2)
  A big kobold (shapeshifter) (Vaults:5)
  A crocodile (Zig:5)
  A small abomination (Abyss:2)
  A quasit (Abyss:1)
  A worker ant (D:5)
  2 hell rats (Hell)
  A tengu zombie (Coc:7)
  A sheep (Zig:14)
  3 mummies
  2 orcs
  A kobold zombie (Dis:7)
  158 blocks of ice
  12 briar patches
  A bush (Abyss:1)
  248 eldritch tentacle segments
  A fulminant prism (Zig:9)
  13 fungi
  2 lost souls
  4 lurking horrors
  157 pillars of salt
  36 plants
  75 starspawn tentacles
  653 starspawn tentacle segments
  16 tentacles
  249 tentacle segments
1720 creatures vanquished.

Grand Total: 10315 creatures vanquished

Notes
Turn   | Place    | Note
--------------------------------------------------------------
     0 | D:1      | Glider the Gargoyle Fighter began the quest for the Orb.
     0 | D:1      | Reached XP level 1. HP: 14/14 MP: 1/1
    64 | D:1      | Reached XP level 2. HP: 14/19 MP: 2/2
   425 | D:1      | Reached XP level 3. HP: 23/23 MP: 3/3
   965 | D:1      | Reached skill level 4 in Maces & Flails
  1109 | D:2      | Reached XP level 4. HP: 25/28 MP: 4/4
  1153 | D:2      | Found an ancient bone altar of Kikubaaqudgha.
  1154 | D:2      | Found a shimmering altar of Xom.
  1361 | D:2      | Found a faded altar to an unknown god.
  1370 | D:2      | Became a worshipper of Gozag Ym Sagoz the Greedy
  1776 | D:2      | Found an ancient bone altar of Kikubaaqudgha.
  1778 | D:2      | Noticed a human
  1781 | D:2      | Killed a human
  1976 | D:3      | Noticed Natasha
  1980 | D:3      | Reached skill level 5 in Maces & Flails
  1980 | D:3      | Reached XP level 5. HP: 32/32 MP: 5/5
  1987 | D:3      | Killed Natasha
  2022 | D:3      | Noticed Natasha
  2030 | D:3      | Killed Natasha
  2229 | D:3      | Noticed Natasha
  2236 | D:3      | Killed Natasha
  2621 | D:3      | Reached skill level 6 in Maces & Flails
  2621 | D:3      | Reached XP level 6. HP: 24/37 MP: 6/6
  2778 | D:3      | Noticed an eye of draining
  2779 | D:3      | Found a bloodstained altar of Trog.
  2779 | D:3      | Noticed an eye of draining
  2789 | D:3      | Killed an eye of draining
  2793 | D:3      | Killed an eye of draining
  2793 | D:3      | Reached skill level 7 in Maces & Flails
  3052 | D:4      | Reached XP level 7. HP: 41/41 MP: 7/7
  3083 | D:4      | Found a glowing silver altar of Zin.
  3083 | D:4      | Noticed Eustachio
  3094 | D:4      | Killed Eustachio
  3164 | D:4      | Fell from the grace of Gozag
  3164 | D:4      | Became a worshipper of Zin the Law-Giver
  3164 | D:4      | Reached * piety under Zin
  3218 | D:4      | Reached skill level 8 in Maces & Flails
  3424 | D:4      | Noticed Edmund
  3437 | D:4      | HP: 1/41 [ogre/giant club (17)]
  3446 | D:4      | Zin protects you from harm!
  3785 | D:4      | Killed Edmund
  3785 | D:4      | Reached skill level 1 in Stealth
  4010 | D:4      | Reached XP level 8. HP: 36/48 MP: 8/8
  4093 | D:5      | Entered Level 5 of the Dungeon
  4163 | D:5      | Noticed Grinder
  4190 | D:5      | Killed Grinder
  4477 | D:5      | Found Faaloc's Food Shop.
  4521 | D:5      | Reached skill level 5 in Shields
  4655 | D:5      | Reached ** piety under Zin
  4656 | D:5      | Found a shattered altar of Ashenzari.
  5043 | D:5      | Noticed Pikel
  5058 | D:5      | Killed Pikel
  5058 | D:5      | Was forgiven by Gozag
  5058 | D:5      | Reached skill level 5 in Fighting
  5058 | D:5      | Reached skill level 9 in Maces & Flails
  5058 | D:5      | Reached XP level 9. HP: 41/54 MP: 8/10
  5735 | D:6      | Reached skill level 5 in Stealth
  5787 | D:6      | Reached skill level 10 in Maces & Flails
  6174 | D:6      | Found a blossoming altar of Fedhas.
  6283 | D:6      | Found Pusaveb's Antique Armour Shop.
  6287 | D:6      | Bought a crude ring mail for 261 gold pieces
  6297 | D:6      | Identified the +2 ring mail of Ru's Esteem {rN+ Slay+2} (You bought it in a shop on level 6 of the Dungeon)
  6459 | D:6      | Found a staircase to the Ecumenical Temple.
  6464 | Temple   | Entered the Ecumenical Temple
  6556 | Temple   | Fell from the grace of Zin
  6556 | Temple   | Became a worshipper of the Shining One
  6556 | Temple   | Reached * piety under the Shining One
  7031 | D:7      | Noticed cada's ghost (novice NaTm)
  7037 | D:7      | Reached XP level 10. HP: 42/61 MP: 13/13
  7239 | D:6      | Bought a pair of runed gloves for 130 gold pieces
  7398 | D:7      | Reached skill level 5 in Invocations
  7553 | D:7      | Killed cada's ghost
  7553 | D:7      | Reached skill level 11 in Maces & Flails
  7634 | D:8      | Found an opulent altar of Gozag.
  7866 | D:8      | Gained mutation: You have large cloven feet. [potion of beneficial mutation]
  7873 | D:8      | Found a stormy altar of Qazlal.
  7951 | D:8      | Found a radiant altar of Vehumet.
  8151 | D:8      | Found a deep blue altar of Sif Muna.
  8156 | D:8      | Reached ** piety under the Shining One
  8458 | D:8      | Found a basalt altar of Yredelemnul.
  8458 | D:8      | Reached *** piety under the Shining One
  8766 | D:8      | Reached skill level 12 in Maces & Flails
  8941 | D:9      | Reached XP level 11. HP: 52/69 MP: 15/15
  9314 | D:9      | Identified the Almanac of the Frostbite
  9542 | D:9      | Found a sacrificial altar of Ru.
  9667 | D:9      | Found Suan's General Store.
  9920 | D:9      | Reached **** piety under the Shining One
 10033 | D:10     | Entered Level 10 of the Dungeon
 10041 | D:10     | Reached skill level 13 in Maces & Flails
 10342 | D:10     | Found a radiant altar of Vehumet.
 10456 | D:10     | Noticed an eight-headed hydra
 10512 | D:10     | Found a staircase to the Lair.
 10716 | Lair:1   | Entered Level 1 of the Lair of Beasts
 11065 | D:11     | Reached skill level 10 in Fighting
 11426 | D:11     | Found a white marble altar of Elyvilon.
 11426 | D:11     | Noticed an angel
 11431 | D:11     | Found a runed door.
 11470 | D:11     | Noticed a hill giant
 11482 | D:11     | Killed a hill giant
 11768 | D:11     | Reached XP level 12. HP: 71/78 MP: 13/17
 11996 | D:11     | Reached skill level 1 in Evocations
 12062 | D:11     | Noticed a four-headed hydra
 12999 | Lair:2   | Reached skill level 14 in Maces & Flails
 14090 | Lair:2   | Noticed a death yak
 14091 | Lair:2   | Noticed a death yak
 14091 | Lair:2   | Noticed a death yak
 14092 | Lair:2   | Noticed a death yak
 14092 | Lair:2   | Noticed a death yak
 14141 | Lair:1   | Killed a death yak
 14223 | Lair:3   | Noticed a six-headed hydra
 14585 | Lair:3   | Reached XP level 13. HP: 61/86 MP: 18/20
 14596 | Lair:3   | Reached skill level 1 in Dodging
 14596 | Lair:3   | Reached skill level 1 in Spellcasting
 14596 | Lair:3   | Reached skill level 5 in Evocations
 14712 | Lair:3   | Killed a six-headed hydra
 14909 | Lair:3   | Found a staircase to the Snake Pit.
 16063 | D:10     | Killed an eight-headed hydra
 16063 | D:10     | Reached skill level 10 in Invocations
 16169 | D:11     | Noticed a centaur warrior
 16389 | D:11     | Killed a four-headed hydra
 17033 | D:11     | Found a staircase to the Orcish Mines.
 17467 | Lair:2   | Killed a death yak
 17483 | Lair:2   | Killed a death yak
 17871 | Lair:2   | Killed a death yak
 17892 | Lair:2   | Killed a death yak
 18374 | Lair:4   | Noticed Nergalle
 18387 | Lair:4   | Killed Nergalle
 18631 | Lair:4   | Reached skill level 5 in Armour
 18694 | Lair:4   | Reached skill level 5 in Spellcasting
 18700 | Lair:4   | Reached skill level 5 in Dodging
 19026 | Lair:4   | Learned a level 4 spell: Throw Icicle
 19090 | Lair:5   | Gained mutation: Your large and strong wings let you fly indefinitely. [Gargoyle growth]
 19090 | Lair:5   | Reached XP level 14. HP: 92/92 MP: 21/21
 19098 | Lair:5   | Reached skill level 1 in Conjurations
 19125 | Lair:5   | Reached skill level 1 in Ice Magic
 19181 | Lair:5   | Found a dark tunnel.
 19189 | Volcano  | Entered a volcano
 19785 | Lair:5   | Gained mutation: You are partially covered in rough black scales (AC +4, Dex -1). [potion of beneficial mutation]
 20318 | Lair:6   | Noticed Rupert
 20353 | Lair:6   | Paralysed by Rupert for 7 turns
 20984 | Lair:6   | Found a frozen archway.
 20997 | Lair:6   | Reached ***** piety under the Shining One
 21135 | Lair:6   | Found a staircase to the Swamp.
 21640 | Lair:7   | Reached skill level 15 in Maces & Flails
 22107 | Lair:7   | Found a viscous altar of Jiyva.
 22107 | Lair:7   | Found a staircase to the Slime Pits.
 22765 | Lair:8   | Entered Level 8 of the Lair of Beasts
 22999 | Lair:8   | Killed Rupert
 23162 | Lair:8   | Got a fabulously ornate robe
 23188 | Lair:8   | Identified the +1 robe of Maddub {Int+3} (You found it on level 8 of the Lair of Beasts)
 23705 | Lair:8   | Reached XP level 15. HP: 96/96 MP: 23/23
 23828 | Lair:8   | Found a burning altar of Makhleb.
 23865 | Lair:8   | Found a gateway to Hell.
 24357 | Orc:1    | Entered Level 1 of the Orcish Mines
 24586 | Orc:1    | Found Coaloon's Weapon Shoppe.
 24635 | Orc:1    | You are sucked into a shaft!
 24759 | Orc:2    | Found Exezicext's Assorted Antiques.
 24781 | Orc:2    | Bought a fuming ruby potion for 22 gold pieces
 24781 | Orc:2    | Bought a papyrus manual for 375 gold pieces
 24781 | Orc:2    | Bought a glass ring for 125 gold pieces
 24781 | Orc:2    | Bought a glowing bone amulet for 125 gold pieces
 24781 | Orc:2    | Bought a pair of embroidered boots for 112 gold pieces
 25743 | Orc:3    | Reached ****** piety under the Shining One
 25838 | Orc:4    | Entered Level 4 of the Orcish Mines
 26268 | Orc:4    | Found a staircase to the Elven Halls.
 26650 | Orc:4    | Noticed Saint Roka
 27606 | Orc:4    | Reached skill level 16 in Maces & Flails
 27606 | Orc:4    | Reached skill level 5 in Conjurations
 27732 | Orc:4    | Found a roughly hewn altar of Beogh.
 27872 | Orc:4    | Found Qaps's Antique Weapon Boutique.
 27879 | Orc:4    | Found Ediwnos's Antique Armour Boutique.
 27980 | Orc:4    | Found Zinti's Book Boutique.
 28274 | Orc:4    | Found Unaa's General Store.
 28280 | Orc:4    | Bought a scroll of acquirement for 624 gold pieces
 28280 | Orc:4    | Bought a scroll of blinking for 90 gold pieces
 28280 | Orc:4    | Bought a scroll of magic mapping for 42 gold pieces
 28312 | Orc:4    | Bought a twisted ring mail for 315 gold pieces
 28312 | Orc:4    | Bought a glowing cloak for 157 gold pieces
 28322 | Orc:4    | Identified the +1 ring mail of Zeidyij {rN+} (You bought it in a shop on level 4 of the Orcish Mines)
 28716 | Lair:1   | Identified a +0 pair of boots of running (You acquired it on level 1 of the Lair of Beasts)
 28778 | D:11     | Reached skill level 5 in Ice Magic
 29075 | D:12     | Found Koazyett's Gadget Shoppe.
 29900 | D:13     | Got a crystal flail
 29901 | D:13     | Identified the +5 flail of the Ancient Lives {crush, rElec rF+ MR- Int+10} (You found it on level 13 of the Dungeon)
 29909 | D:13     | Found a gate to the Vaults.
 30320 | D:13     | Found a sacrificial altar of Ru.
 30910 | D:14     | Got a steaming falchion
 30911 | D:14     | Identified the +0 falchion of Offence {freeze, +Blink rF- MR- Int+4} (You found it on level 14 of the Dungeon)
 31219 | D:14     | Reached XP level 16. HP: 94/101 MP: 25/25
 31990 | D:15     | Entered Level 15 of the Dungeon
 31990 | D:15     | Found a glowing silver altar of Zin.
 32365 | D:15     | Reached skill level 10 in Armour
 32671 | D:15     | Found a staircase to the Depths.
 34227 | Swamp:1  | Entered Level 1 of the Swamp
 34520 | Swamp:1  | Got a polished plate armour
 34644 | Swamp:1  | Noticed a thorn hunter
 34670 | Swamp:1  | Killed a thorn hunter
 35319 | Swamp:1  | Identified the cursed +0 plate armour of Defiance {rElec rN+ SInv} (You found it on level 1 of the Swamp)
 36334 | Swamp:3  | Noticed a thorn hunter
 36358 | Swamp:3  | Killed a thorn hunter
 37205 | Swamp:4  | Entered Level 4 of the Swamp
 37218 | Swamp:4  | Reached XP level 17. HP: 102/108 MP: 27/27
 37629 | Swamp:4  | Noticed a thorn hunter
 37633 | Swamp:4  | Noticed a thorn hunter
 38232 | Swamp:4  | Killed a thorn hunter
 38538 | Swamp:4  | Killed a thorn hunter
 38879 | Swamp:4  | Got a decaying rune of Zot
 39253 | Snake:1  | Entered Level 1 of the Snake Pit
 39593 | Snake:1  | Found a white marble altar of Elyvilon.
 39637 | Snake:1  | Noticed Aizul
 39665 | Snake:1  | Killed Aizul
 41128 | Snake:2  | Reached skill level 15 in Fighting
 41366 | Snake:2  | Got a faintly glowing shield
 41377 | Snake:2  | Identified the +2 shield of Uvuroath {rF+} (You acquired it on level 2 of the Snake Pit)
 41426 | Snake:2  | Reached XP level 18. HP: 78/119 MP: 9/28
 41590 | Snake:2  | Learned a level 5 spell: Lee's Rapid Deconstruction
 42875 | Snake:3  | Learned a level 2 spell: Swiftness
 42878 | Snake:3  | Learned a level 2 spell: Repel Missiles
 42961 | Snake:3  | Noticed Asterion
 42978 | Snake:3  | Killed Asterion
 43570 | Snake:4  | Entered Level 4 of the Snake Pit
 43584 | Snake:4  | Reached skill level 10 in Dodging
 43974 | Snake:4  | Reached skill level 10 in Shields
 44016 | Snake:4  | Got an ichor-stained plate armour
 44027 | Snake:4  | Identified the +4 plate armour "Xobba" {rCorr Dex+4 SInv} (You found it on level 4 of the Snake Pit)
 45284 | Snake:4  | Reached XP level 19. HP: 104/124 MP: 29/29
 45690 | Snake:4  | Got a serpentine rune of Zot
 45961 | Lair:1   | Got a pair of slimy gloves
 45972 | Lair:1   | Identified the +0 pair of gloves "Qaaduh" {rC- Dex+3 SInv} (You acquired it on level 1 of the Lair of Beasts)
 46139 | Vaults:1 | Entered Level 1 of the Vaults
 46327 | Vaults:1 | Reached skill level 1 in Charms
 46368 | Vaults:1 | Reached skill level 1 in Air Magic
 47134 | Vaults:1 | Found Qimety's Distillery.
 47727 | Orc:3    | Killed Saint Roka
 47792 | Elf:1    | Entered Level 1 of the Elven Halls
 48083 | Elf:1    | Reached skill level 1 in Earth Magic
 48221 | Elf:1    | Reached skill level 5 in Charms
 48300 | Elf:1    | Got a faintly glowing blowgun
 48301 | Elf:1    | Identified the cursed +0 blowgun of Utteor {speed, rC++ MP+9 Dex+4} (You found it on level 1 of the Elven Halls)
 48652 | Elf:1    | Found Juhy's Assorted Antiques.
 48655 | Elf:1    | Bought a black potion for 32 gold pieces
 49307 | Elf:2    | Reached XP level 20. HP: 129/129 MP: 30/30
 49689 | Elf:2    | Found a runed gate.
 49690 | Elf:2    | Found a runed gate.
 49693 | Elf:2    | Found a runed gate.
 49736 | Elf:2    | Found Omakojej's Gadget Shop.
 50422 | Elf:3    | Entered Level 3 of the Elven Halls
 50651 | Elf:3    | Reached skill level 15 in Shields
 50662 | Elf:3    | Cast into the Abyss (a deep elf demonologist)
 51275 | Abyss:1  | Reached skill level 10 in Evocations
 51763 | Abyss:1  | Reached XP level 21. HP: 100/134 MP: 33/33
 51817 | Abyss:1  | Found a burning altar of Makhleb.
 51838 | Abyss:1  | Found a corrupted altar of Lugonu.
 52920 | Abyss:1  | Paralysed by a great orb of eyes for 2 turns
 53256 | Abyss:1  | Reached skill level 10 in Stealth
 53370 | Abyss:1  | Reached skill level 17 in Fighting
 54586 | Abyss:1  | Reached XP level 22. HP: 146/146 MP: 35/35
 54590 | Abyss:1  | Identified a +2 sacred scourge of holy wrath (a +0 demon whip of venom blessed by the Shining One)
 54590 | Abyss:1  | Received a gift from the Shining One
 54642 | Abyss:1  | Reached skill level 18 in Fighting
 54778 | Abyss:1  | Gained mutation: Your magical capacity is low (-10% MP). [a neqoxec]
 55034 | Abyss:1  | Paralysed by accursed screaming for 1 turns
 55916 | Abyss:1  | Learned a level 2 spell: Song of Slaying
 55920 | Abyss:1  | Learned a level 3 spell: Regeneration
 55948 | Abyss:1  | Reached skill level 19 in Fighting
 56097 | Abyss:1  | Paralysed by accursed screaming for 1 turns
 56107 | Abyss:1  | Paralysed by accursed screaming for 1 turns
 56405 | Abyss:1  | Paralysed by accursed screaming for 1 turns
 56623 | Abyss:1  | Learned a level 1 spell: Apportation
 56625 | Abyss:1  | Learned a level 1 spell: Summon Butterflies
 56632 | Abyss:1  | Learned a level 6 spell: Invisibility
 56768 | Abyss:1  | Found a stormy altar of Qazlal.
 56781 | Abyss:1  | Paralysed by accursed screaming for 2 turns
 56931 | Elf:3    | Escaped the Abyss
 57452 | Elf:3    | Noticed chimenez's ghost (adept FoFi)
 57485 | Elf:3    | Killed chimenez's ghost
 57485 | Elf:3    | Reached XP level 23. HP: 154/156 MP: 32/32
 58057 | Elf:3    | Reached skill level 20 in Fighting
 58695 | Elf:3    | Got a bloodstained spear {pain}
 58695 | Elf:3    | Got a smoking buckler
 58700 | Elf:3    | Identified the +10 spear "Nuafomp" {pain, MR+} (You took it off a deep elf high priest on level 3 of the Elven Halls)
 58712 | Elf:3    | Identified the +3 buckler "Winuacau" {-Cast rPois rC+} (You took it off a deep elf high priest on level 3 of the Elven Halls)
 58848 | Elf:3    | Reached skill level 1 in Translocations
 58906 | Elf:3    | Reached skill level 1 in Summonings
 58982 | Elf:3    | Identified the Grimoire of Displaced Cold
 59006 | Elf:3    | Got a smoking scale mail
 59031 | Elf:3    | Identified the cursed +1 scale mail of Valour {MR+ Str+2 Dex-5} (You found it on level 3 of the Elven Halls)
 59349 | Lair:1   | Learned a level 6 spell: Haste
 59537 | Vaults:2 | Paralysed by a great orb of eyes for 2 turns
 59883 | Vaults:2 | Reached skill level 10 in Spellcasting
 59928 | Vaults:2 | Found a staircase to the Crypt.
 61204 | Vaults:3 | Got an iridescent halberd
 61396 | Vaults:3 | Noticed Mennas
 61468 | Vaults:3 | Killed Mennas
 61811 | Vaults:3 | Noticed Wiglaf
 61820 | Vaults:3 | Killed Wiglaf
 62130 | Vaults:3 | Reached XP level 24. HP: 146/163 MP: 33/33
 62568 | Vaults:4 | Noticed mrAntonBest's ghost (veteran GrFi)
 62626 | Vaults:4 | Killed mrAntonBest's ghost
 62925 | Vaults:4 | Noticed Boris
 62939 | Vaults:4 | Killed Boris
 63551 | Vaults:4 | Reached skill level 15 in Armour
 63569 | Vaults:4 | Found Ofaekh's Armour Shoppe.
 63574 | Vaults:4 | Bought a +0 cloak of magic resistance for 149 gold pieces
 64771 | Depths:1 | Entered Level 1 of the Depths
 64771 | Depths:1 | Found Derchep's Antique Weapon Boutique.
 65519 | Depths:1 | Found Bech's Book Emporium.
 66359 | Depths:2 | Noticed Nikola
 66380 | Depths:2 | Noticed CcS's ghost (adept DrTm)
 66401 | Depths:1 | Killed Nikola
 66401 | Depths:1 | Reached XP level 25. HP: 97/168 MP: 34/34
 66740 | Depths:2 | Noticed Norris
 66800 | Depths:1 | Killed Norris
 67536 | Depths:2 | Killed CcS's ghost
 67699 | Depths:2 | Found a gateway to a ziggurat.
 68595 | D:11     | Killed an angel
 69308 | Depths:2 | Got a translucent emerald amulet
 69310 | Depths:2 | Identified the amulet of Pride {Faith Int+3 Dex+5} (You found it on level 2 of the Depths)
 70602 | Depths:3 | Noticed a juggernaut
 70624 | Depths:3 | Killed a juggernaut
 70624 | Depths:3 | Reached XP level 26. HP: 142/176 MP: 35/35
 70759 | Depths:3 | Found a one-way gate leading to the halls of Pandemonium.
 71044 | Depths:3 | Reached skill level 21 in Fighting
 71903 | Depths:4 | Found a one-way gate to the infinite horrors of the Abyss.
 72111 | Depths:4 | Noticed a juggernaut
 72134 | Depths:4 | Killed a juggernaut
 72262 | Depths:4 | Noticed a juggernaut
 72326 | Depths:4 | Killed a juggernaut
 72586 | Depths:4 | Noticed a juggernaut
 72621 | Depths:4 | Killed a juggernaut
 73892 | Depths:5 | Entered Level 5 of the Depths
 74530 | Depths:5 | Reached XP level 27. HP: 173/184 MP: 34/35
 75017 | Depths:5 | Found a gate to the Realm of Zot.
 76003 | Slime:1  | Entered Level 1 of the Pits of Slime
 76382 | Slime:2  | Reached skill level 22 in Fighting
 76697 | Slime:1  | Reached skill level 15 in Dodging
 78828 | Slime:4  | Gained mutation: You are weak. (Str -2) [a shining eye]
 79000 | Slime:4  | Gained mutation: You are dopey. (Int -2) [a shining eye]
 79779 | Slime:6  | Entered Level 6 of the Pits of Slime
 81015 | Slime:6  | Noticed the royal jelly
 81018 | Slime:6  | Was placed under penance by the Shining One
 82188 | Crypt:1  | Entered Level 1 of the Crypt
 82518 | Crypt:1  | Was forgiven by the Shining One
 83042 | Slime:6  | Found a viscous altar of Jiyva.
 83094 | Slime:6  | Killed the royal jelly
 84314 | Slime:6  | Got a scintillating tin ring
 84413 | Slime:6  | Got a pitted pewter ring
 84423 | Slime:6  | Identified the ring "Luhoud" {Ice rElec SInv} (You found it on level 6 of the Pits of Slime)
 84425 | Slime:6  | Identified the ring of Greed {SustAt MR+ Int+4} (You found it on level 6 of the Pits of Slime)
 84426 | Slime:6  | Identified a +6 rod of shadows (13/13) (You found it on level 6 of the Pits of Slime)
 84478 | Slime:6  | Got a slimy dagger
 84479 | Slime:6  | Identified the +8 dagger of Prudence {flame, +Blink rPois Int-3 Dex+4 Stlth+} (You found it on level 6 of the Pits of Slime)
 84490 | Slime:6  | Identified the Guide on the Glacier
 84504 | Slime:6  | Got a slimy rune of Zot
 84924 | Lair:1   | Drew Focus: Int increased to 22, Dex decreased to 8
 85217 | Vaults:5 | Entered Level 5 of the Vaults
 85239 | Vaults:5 | Reached skill level 15 in Evocations
 85982 | Vaults:4 | Got a clouded crystal amulet
 85994 | Vaults:4 | Identified the amulet "Oris" {Clar Str+3 Int+3 Dex+4} (You took it off a deep elf conjurer on level 4 of the Vaults)
 86833 | Vaults:5 | Got an ichor-stained glaive {chop}
 87163 | Vaults:5 | Got a polished mace
 87164 | Vaults:5 | Identified the cursed +0 mace of Conflict {freeze, Dex+7} (You found it on level 5 of the Vaults)
 87174 | Vaults:5 | Identified the +6 glaive "Diguno Vupp" {chop, MR+ Dex+4} (You took it off a tengu reaver on level 5 of the Vaults)
 87230 | Vaults:5 | Identified a +7 rod of clouds (11/11) (You found it on level 5 of the Vaults)
 87231 | Vaults:5 | Got a transparent great sword
 87237 | Vaults:5 | Identified the cursed +1 great sword "Zojy" {flame, *Confuse MP+9 SInv} (You found it on level 5 of the Vaults)
 87622 | Vaults:5 | Found Qaew's Magic Scroll Shop.
 87626 | Vaults:5 | Bought a scroll of acquirement for 780 gold pieces
 87631 | Vaults:5 | Got a bloodstained buckler
 87642 | Vaults:5 | Identified the +1 buckler of the Peculiar Mice {rPois Int+2} (You acquired it on level 5 of the Vaults)
 88027 | Vaults:5 | Found Pemealec's Food Shop.
 88073 | Vaults:5 | Found Qurrixta's Distillery.
 88077 | Vaults:5 | Got a silver rune of Zot
 88085 | Vaults:5 | Bought a potion of heal wounds for 95 gold pieces
 88085 | Vaults:5 | Bought a potion of curing for 57 gold pieces
 88085 | Vaults:5 | Bought a potion of might for 76 gold pieces
 88085 | Vaults:5 | Bought 2 potions of curing for 114 gold pieces
 88085 | Vaults:5 | Bought a potion of agility for 76 gold pieces
 88214 | Vaults:5 | Got a shimmering crystal amulet
 88216 | Vaults:5 | Identified the amulet "Qanez" {+Fly rElec rN+ Regen+ Int+3} (You found it on level 5 of the Vaults)
 89359 | Zot:1    | Entered Level 1 of the Realm of Zot
 90124 | Zot:1    | Reached skill level 15 in Spellcasting
 90464 | Zot:1    | Got a coiled turquoise ring
 90466 | Zot:1    | Identified the ring of Voll {Wiz Dex+3} (You found it on level 1 of the Realm of Zot)
 91476 | Zot:1    | Reached skill level 15 in Invocations
 91882 | Zot:2    | Got a transparent silver ring
 91892 | Zot:2    | Identified the ring of Osey {rC+ Int+4 Dex-4} (You found it on level 2 of the Realm of Zot)
 92833 | Zot:3    | Noticed an orb of fire
 93180 | Depths:5 | Noticed a juggernaut
 93197 | Depths:5 | Killed a juggernaut
 94260 | Crypt:1  | Noticed Jorgrun
 94312 | Crypt:1  | Killed Jorgrun
 94417 | Crypt:2  | Found a magical portal.
 94422 | WizLab   | Entered Iskenderun's Mystic Tower
 95341 | WizLab   | Identified Iskenderun's Tome of Icy Confrontation
 95341 | WizLab   | Identified Iskenderun's Reference Book on Burning Conjuration
 95378 | WizLab   | Identified Wiceli's Guide on Self-Improvement
 96289 | Crypt:2  | Got a warped leather armour
 96300 | Crypt:2  | Identified the +2 leather armour of Vitoen {Dex+2} (You found it on level 2 of the Crypt)
 96479 | Crypt:2  | Noticed Boris
 96484 | Crypt:2  | Killed Boris
 96581 | Crypt:2  | Noticed Sojobo
 96616 | Crypt:2  | Killed Sojobo
 97226 | Crypt:3  | Entered Level 3 of the Crypt
 97427 | Crypt:3  | Found a staircase to the Tomb.
 97460 | Crypt:3  | Noticed Mara
 97472 | Crypt:3  | Noticed Glider's illusion
 97769 | Crypt:3  | Noticed Glider's illusion
 97804 | Crypt:3  | Killed Mara
 98063 | Crypt:3  | Reached skill level 10 in Charms
 98136 | Crypt:3  | Found a basalt altar of Yredelemnul.
 98143 | Crypt:3  | Found an ancient bone altar of Kikubaaqudgha.
 98195 | Crypt:3  | Identified the Handbook of Conjuration and Stones
 98247 | Crypt:3  | Got a glittering steel ring
 98247 | Crypt:3  | Got a pitted tin ring
 98287 | Crypt:3  | Got a twisted leather armour
 98293 | Crypt:3  | Identified the cursed +1 leather armour of the Guilds {Int+4 SInv} (You found it on level 3 of the Crypt)
 98332 | Crypt:3  | Got an encrusted helmet
 98343 | Crypt:3  | Identified the +2 helmet "Zaphit" {rPois rN+ Regen+ Str+2} (You found it on level 3 of the Crypt)
 98384 | Crypt:3  | Noticed Khufu
 98442 | Crypt:3  | Killed Khufu
 98530 | Crypt:3  | Identified the ring of the Heavens {*Contam rC- rN+ Int+8 Stlth+} (You found it on level 3 of the Crypt)
 98532 | Crypt:3  | Identified the ring of Pride {rC+ rN+ Int+3} (You found it on level 3 of the Crypt)
 99077 | Tomb:1   | Entered Level 1 of the Tomb of the Ancients
 99266 | Tomb:1   | Got a polished scale mail
 99286 | Tomb:1   | Identified the cursed +1 scale mail "Wisk" {rElec rF- rCorr Stlth+} (You found it on level 1 of the Tomb of the Ancients)
 99439 | Tomb:1   | Noticed an ancient lich
 99579 | Tomb:1   | Killed an ancient lich
100358 | Tomb:2   | Noticed an ancient lich
100374 | Tomb:2   | Killed an ancient lich
100902 | Tomb:1   | Reached skill level 15 in Charms
101923 | Tomb:3   | Entered Level 3 of the Tomb of the Ancients
101942 | Tomb:3   | Noticed an ancient lich
102081 | Tomb:2   | Killed an ancient lich
102969 | Tomb:3   | Identified the Collected Works on Battle Magic
103156 | Tomb:3   | Reached skill level 10 in Conjurations
103269 | Tomb:3   | Got an ancient golden ring
103280 | Tomb:3   | Identified the Papyrus of Self-Knowledge and Clay
103290 | Tomb:3   | Got a crude quarterstaff
103292 | Tomb:3   | Identified the cursed +3 quarterstaff "Buseuriq" {crush, rElec Str+4} (You found it on level 3 of the Tomb of the Ancients)
103294 | Tomb:3   | Identified the ring of the Ban {Str+3 Dex+2 Stlth-} (You found it on level 3 of the Tomb of the Ancients)
103302 | Tomb:3   | Got a pitted tin amulet
103303 | Tomb:3   | Identified the amulet "Etuot" {Inacc rF+++ rC+} (You found it on level 3 of the Tomb of the Ancients)
103306 | Tomb:3   | Got a jewelled great sword
103330 | Tomb:3   | Got a brightly glowing robe
103341 | Tomb:3   | Identified the +0 robe of the Cockatrice {Int+7 Dex+3} (You found it on level 3 of the Tomb of the Ancients)
103348 | Tomb:3   | Got a scorched bone ring
103349 | Tomb:3   | Identified the ring "Doossis" {+Fly rF+ EV+3} (You found it on level 3 of the Tomb of the Ancients)
103369 | Tomb:3   | Got an ichor-stained leather armour
103375 | Tomb:3   | Identified the cursed +1 leather armour of Ziremp {-Cast +Fly Dex+2} (You found it on level 3 of the Tomb of the Ancients)
103377 | Tomb:3   | Identified the cursed +3 great sword of Anxiety {drain, +Rage rElec Int+5} (You found it on level 3 of the Tomb of the Ancients)
103383 | Tomb:3   | Identified a +3 rod of ignition (13/13) (You found it on level 3 of the Tomb of the Ancients)
103453 | Tomb:3   | Got a golden rune of Zot
103679 | Tomb:1   | Learned a level 6 spell: Iron Shot
104125 | D:15     | Fell from the grace of the Shining One
104125 | D:15     | Became a worshipper of Zin the Law-Giver
104125 | D:15     | Reached *** piety under Zin
104125 | D:15     | Reached **** piety under Zin
104664 | Zot:3    | Killed an orb of fire
104664 | Zot:3    | Reached skill level 5 in Earth Magic
104803 | Zot:3    | Reached ***** piety under Zin
104901 | Zot:3    | Noticed an orb of fire
104947 | Zot:3    | Killed an orb of fire
105781 | Zot:5    | Entered Level 5 of the Realm of Zot
106193 | Zot:5    | Got a warped scale mail
106204 | Zot:5    | Identified the cursed +1 scale mail "Xuwewn" {rC+ Str+7} (You found it on level 5 of the Realm of Zot)
106390 | Zot:5    | Noticed an ancient lich
106402 | Zot:5    | Killed an ancient lich
106729 | Zot:5    | Reached skill level 10 in Earth Magic
106818 | Zot:5    | Noticed an ancient lich
106835 | Zot:5    | Killed an ancient lich
107053 | Zot:5    | Noticed an ancient lich
107064 | Zot:5    | Killed an ancient lich
107275 | Zot:5    | Noticed an orb of fire
107296 | Zot:5    | Killed an orb of fire
107690 | D:15     | Got a pitted buckler
107701 | D:15     | Identified the +2 buckler of Wyvvyov {-Cast rElec rF+ rN++} (You acquired it on level 15 of the Dungeon)
107727 | D:15     | Learned a level 8 spell: Controlled Blink
107958 | Lair:1   | Learned a level 6 spell: Deflect Missiles
108183 | Hell     | Entered the Vestibule of Hell
108183 | Hell     | Noticed Geryon
108206 | Hell     | Killed Geryon
108508 | Hell     | Found a gateway to the freezing wastes of Cocytus.
108930 | Hell     | Found a gateway to the Iron City of Dis.
109295 | Hell     | Found a gateway to the ashen valley of Gehenna.
109434 | Hell     | Found a gateway to the decaying netherworld of Tartarus.
109637 | Tar:1    | Entered Level 1 of Tartarus
109748 | Tar:1    | Paralysed by an eldritch tentacle for 7 turns
111036 | Tar:3    | Reached skill level 15 in Conjurations
111073 | Tar:3    | Reached ****** piety under Zin
112596 | Tar:7    | Entered Level 7 of Tartarus
112677 | Tar:7    | Reached skill level 5 in Air Magic
113517 | Tar:7    | Noticed an ancient lich
113517 | Tar:7    | Noticed an ancient lich
113538 | Tar:7    | Killed an ancient lich
113559 | Tar:7    | Killed an ancient lich
113699 | Tar:7    | Got a steaming ring mail
113731 | Tar:7    | Identified the Papyrus of Moulding and Creation (You found it on level 7 of Tartarus)
113768 | Tar:7    | Identified the +1 ring mail of Yvugoicw {Regen+ Str+5 Dex+4 Slay-3} (You found it on level 7 of Tartarus)
113812 | Tar:7    | Identified a +6 rod of the swarm (10/10) (You found it on level 7 of Tartarus)
113861 | Tar:7    | Gained mutation: Your magical capacity is very low (-20% MP). [mutagenic glow]
114140 | Tar:7    | Noticed Ereshkigal
114170 | Tar:7    | Killed Ereshkigal
114195 | Tar:7    | Got a bone rune of Zot
114791 | Tar:7    | Got a spiked ring mail
114794 | Tar:7    | Got a steaming falchion
114797 | Tar:7    | Got a slimy scale mail
114799 | Tar:7    | Got a steaming broad axe
114805 | Tar:7    | Identified the +1 falchion of Haesh {flame, *Noise rElec MP+9 Dex+10} (You found it on level 7 of Tartarus)
114809 | Tar:7    | Identified the +8 broad axe "Zaguoloq" {chop, Dex+3} (You found it on level 7 of Tartarus)
114823 | Tar:7    | Identified the +2 ring mail of the Sky {*Confuse rN+ Dex+3 Stlth+} (You found it on level 7 of Tartarus)
114833 | Tar:7    | Identified the +4 scale mail of the Good {Regen+ Int+6 Dex+4} (You found it on level 7 of Tartarus)
115293 | Tar:7    | Identified the Reference Book on Glamour and Good Luck
115544 | Tar:7    | Got an ancient flail
115548 | Tar:7    | Identified Sif Muna's Almanac of Activism
115632 | Tar:7    | Identified the +8 flail of the Middle {crush, MR+ Dex+5 Stlth+} (You found it on level 7 of Tartarus)
115857 | Tar:7    | Lost mutation: You are weak. (Str -2) [mutagenic glow]
115906 | Tar:7    | Gained mutation: Your body sometimes deteriorates upon taking damage. [mutagenic glow]
116039 | Tar:7    | Got a fine morningstar
116042 | Tar:7    | Got a polished short sword
116046 | Tar:7    | Identified Budyamol's Grimoire of Dislocated Darkness
116058 | Tar:7    | Identified the +5 morningstar of Rubbish {flame, Str+3 Int+4 Stlth-} (You found it on level 7 of Tartarus)
116059 | Tar:7    | Identified the +5 short sword "Lexuv" {flame, Str+5} (You found it on level 7 of Tartarus)
116263 | Dis:1    | Entered Level 1 of the Iron City of Dis
116433 | Dis:1    | Lost mutation: Your body sometimes deteriorates upon taking damage. [mutagenic glow]
117457 | Dis:7    | Entered Level 7 of the Iron City of Dis
118493 | Dis:7    | Got a twitching jade ring
118495 | Dis:7    | Identified the ring "Muroiskiff" {MR+ Dex+3 Stlth+} (You found it on level 7 of the Iron City of Dis)
118782 | Dis:7    | Got a fine great sword
118804 | Dis:7    | Identified a +0 pair of boots of running (You found it on level 7 of the Iron City of Dis)
118856 | Dis:7    | Identified the +7 great sword of Bakhlunai {freeze, rElec} (You found it on level 7 of the Iron City of Dis)
118864 | Dis:7    | Identified a +6 rod of clouds (13/13) (You found it on level 7 of the Iron City of Dis)
119044 | Dis:7    | Noticed the Serpent of Hell
119111 | Dis:7    | Killed the Serpent of Hell
119434 | Dis:7    | Got a sparkling tin amulet
119436 | Dis:7    | Identified the amulet of Muap {rMut rPois} (You found it on level 7 of the Iron City of Dis)
119519 | Dis:7    | Noticed Dispater
120568 | Dis:7    | Killed Dispater
120608 | Dis:7    | Got an iron rune of Zot
120636 | Dis:7    | Got a shimmering iron ring
120645 | Dis:7    | Got a jewelled eveningstar
120646 | Dis:7    | Identified the cursed +2 eveningstar of Classification {crush, +Blink rN+ MR+++ Int-3} (You found it on level 7 of the Iron City of Dis)
120648 | Dis:7    | Identified the ring of Sloth {Fire rPois rN+ Str+6 Dex+2} (You found it on level 7 of the Iron City of Dis)
120769 | Dis:7    | Reached skill level 10 in Air Magic
121082 | Depths:4 | Voluntarily entered the Abyss.
121397 | Abyss:2  | Found a corrupted altar of Lugonu.
122552 | Abyss:2  | Reached skill level 5 in Translocations
122628 | Abyss:2  | Paralysed by accursed screaming for 1 turns
122647 | Abyss:2  | Paralysed by accursed screaming for 1 turns
122657 | Abyss:2  | Paralysed by accursed screaming for 2 turns
123148 | Abyss:3  | Found a corrupted altar of Lugonu.
123209 | Abyss:3  | Got an abyssal rune of Zot
123455 | Abyss:3  | Found a corrupted altar of Lugonu.
123501 | Depths:4 | Escaped the Abyss
123752 | Geh:1    | Entered Level 1 of Gehenna
124692 | Geh:4    | Found a huge runed gate.
124692 | Geh:4    | Found a huge runed gate.
124696 | Geh:4    | Found a huge runed gate.
124697 | Geh:4    | Found a huge runed gate.
124700 | Geh:4    | Found a huge runed gate.
124764 | Geh:4    | Found a huge runed gate.
124764 | Geh:4    | Found a huge runed gate.
124764 | Geh:4    | Found a huge runed gate.
124764 | Geh:4    | Found a huge runed gate.
125418 | Geh:5    | Gained mutation: You expend magic power (3 MP) to strengthen your wands. [mutagenic glow]
125453 | Geh:5    | Gained mutation: Armour fits poorly on your strangely shaped body. [mutagenic glow]
125936 | Geh:7    | Entered Level 7 of Gehenna
127097 | Geh:7    | HP: 8/184 [Brimstone Fiend/blast of hellfire (29)]
127123 | Geh:7    | Noticed Asmodeus
127130 | Geh:7    | HP: 4/184 [Brimstone Fiend/blast of hellfire[the effects of Hell] (35)]
128104 | Geh:7    | Killed Asmodeus
128118 | Geh:7    | Got a pair of warped gloves
128129 | Geh:7    | Identified the cursed +0 pair of gloves of the Spider Nest {Regen+ Int-5 Slay+3} (You found it on level 7 of Gehenna)
128131 | Geh:7    | Got an obsidian rune of Zot
128383 | Hell     | Identified a +6 rod of inaccuracy (9/9) (You took it off a fire giant on level 7 of Gehenna)
129136 | D:15     | Lost mutation: Your magical capacity is very low (-20% MP). [potion of cure mutation]
129136 | D:15     | Lost mutation: Your magical capacity is low (-10% MP). [potion of cure mutation]
129136 | D:15     | Lost mutation: You have large cloven feet. [potion of cure mutation]
129473 | D:6      | Bought a runed cloak for 130 gold pieces
129928 | Coc:1    | Entered Level 1 of Cocytus
130166 | Coc:2    | Reached skill level 15 in Air Magic
130551 | Coc:6    | Reached skill level 23 in Spellcasting
130746 | Coc:6    | Reached skill level 15 in Earth Magic
130757 | Coc:7    | Entered Level 7 of Cocytus
131083 | Coc:7    | Reached skill level 10 in Ice Magic
131430 | Coc:7    | HP: 2/188 [shard shrike/shard of ice[the effects of Hell] (28)]
131945 | Coc:7    | Reached skill level 10 in Translocations
132078 | Coc:7    | Noticed Antaeus
132129 | Coc:7    | Killed Antaeus
132315 | Coc:7    | Got an icy rune of Zot
132319 | Coc:7    | Identified the Grimoire of Captivating Companions
132324 | Coc:7    | Identified the Guide on Conjuration
132716 | Coc:7    | Got a faintly glowing bronze ring
132960 | Hell     | Identified the ring "Gischaerya" {+Inv rC+ Str+2} (You found it on level 7 of Cocytus)
133131 | Zig:1    | Entered Level 1 of a ziggurat
133156 | Zig:2    | Entered Level 2 of a ziggurat
133204 | Zig:3    | Entered Level 3 of a ziggurat
133248 | Zig:3    | Learned a level 2 spell: Blink
133249 | Zig:4    | Entered Level 4 of a ziggurat
133303 | Zig:4    | Got a clouded brass ring
133309 | Zig:4    | Identified the ring "Anamoy" {MR+ SInv} (You found it on level 4 of a ziggurat)
133336 | Zig:5    | Entered Level 5 of a ziggurat
133409 | Zig:6    | Entered Level 6 of a ziggurat
133508 | Zig:6    | Learned a level 5 spell: Phase Shift
133540 | Zig:7    | Entered Level 7 of a ziggurat
133639 | Zig:7    | Identified Sif Muna's Almanac of the Compass
133643 | Zig:7    | Got a jewelled cloak
133666 | Zig:7    | Identified the +1 cloak of the Original Sin {+Inv rF+ rN+ MR+} (You found it on level 7 of a ziggurat)
133770 | Zig:8    | Entered Level 8 of a ziggurat
133837 | Zig:8    | Identified the Guide on Doomed Translocation (You found it on level 8 of a ziggurat)
133926 | Zig:9    | Entered Level 9 of a ziggurat
134097 | Zig:10   | Entered Level 10 of a ziggurat
134241 | Zig:10   | Got an ichor-stained mace
134254 | Zig:10   | Got an ichor-stained arbalest
134264 | Zig:10   | Lost mutation: You are dopey. (Int -2) [potion of cure mutation]
134264 | Zig:10   | Lost mutation: You expend magic power (3 MP) to strengthen your wands. [potion of cure mutation]
134264 | Zig:10   | Lost mutation: Armour fits poorly on your strangely shaped body. [potion of cure mutation]
134370 | Zig:11   | Entered Level 11 of a ziggurat
134491 | Zig:11   | Identified the +5 mace of Slime {holy, *Contam rElec MR+ SInv} (You found it on level 10 of a ziggurat)
134556 | Zig:11   | Identified the +11 arbalest of Keinarph {penet, rC- rN+ MR+++} (You found it on level 10 of a ziggurat)
134675 | Zig:12   | Entered Level 12 of a ziggurat
134798 | Zig:12   | Reached skill level 24 in Armour
134809 | Zig:12   | Got a warped robe
134826 | Zig:12   | Identified the +0 robe of Impatience {Dex+5} (You found it on level 12 of a ziggurat)
134864 | Zig:12   | Got a fabulously ornate robe
134875 | Zig:12   | Identified the +2 robe of Whack-A-Mole {+Blink} (You found it on level 12 of a ziggurat)
134883 | Zig:12   | Got a distressingly furry cloak
134896 | Zig:12   | Identified the +2 cloak of the Old World {rC+ Str+4 SInv} (You found it on level 12 of a ziggurat)
134932 | Zig:13   | Entered Level 13 of a ziggurat
135109 | Zig:13   | Identified a +4 rod of clouds (9/9) (You found it on level 13 of a ziggurat)
135115 | Zig:13   | Reached skill level 25 in Armour
135248 | Zig:14   | Entered Level 14 of a ziggurat
135426 | Zig:14   | Got a flickering ivory ring
135434 | Zig:14   | Got a faintly glowing trident
135449 | Zig:14   | Identified the ring of Jaafoff {*Contam +Inv Str+9 Stlth+} (You found it on level 14 of a ziggurat)
135782 | Zig:14   | Identified the cursed +2 trident "Utetuupe" {drain, rN+ Int+4 SInv} (You found it on level 14 of a ziggurat)
135802 | Zig:15   | Entered Level 15 of a ziggurat
135946 | Zig:15   | Reached skill level 15 in Translocations
136117 | Zig:15   | Got a twitching gossamer ring
136140 | Zig:15   | Identified the Guide on Black Arts
136161 | Zig:15   | Identified the ring of the Komodo Dragon {rPois rC+ MR+} (You found it on level 15 of a ziggurat)
136168 | Zig:16   | Entered Level 16 of a ziggurat
136399 | Zig:16   | Identified the Tome of Cloudy Transmutation
136405 | Zig:16   | Got an ichor-stained morningstar
136412 | Zig:16   | Identified the +10 morningstar "Xijedo" {flame, MR- Int+6} (You found it on level 16 of a ziggurat)
136415 | Zig:16   | Identified the Almanac of Idealism (You found it on level 16 of a ziggurat)
136661 | Pan      | Entered Pandemonium
136760 | Pan      | Got a twisted robe
136901 | Pan      | Got a crude ring mail
136904 | Pan      | Identified the +1 robe of the Jabberwock {Regen+} (You found it in Pandemonium)
136905 | Pan      | Identified the +5 ring mail of Hide-and-Seek {rC- MR+ Dex+10 Stlth+} (You found it in Pandemonium)
136960 | Pan      | Noticed Paqeogat the pandemonium lord
136972 | Pan      | Killed Paqeogat the pandemonium lord
137294 | Pan      | Found an exit through the horrors of the Abyss.
138215 | Pan      | Noticed Ymom the pandemonium lord
138244 | Pan      | Killed Ymom the pandemonium lord
138635 | Pan      | Found an exit through the horrors of the Abyss.
138949 | Pan      | Noticed Doyzott the pandemonium lord
138971 | Pan      | Killed Doyzott the pandemonium lord
139539 | Pan      | Found an exit through the horrors of the Abyss.
139941 | Pan      | Noticed Lofry the pandemonium lord
140107 | Pan      | Killed Lofry the pandemonium lord
140156 | Pan      | Got a demonic rune of Zot
140358 | Pan      | Found an exit through the horrors of the Abyss.
140544 | Pan      | Found a gateway to a ziggurat.
140874 | Pan      | Found an exit through the horrors of the Abyss.
141817 | Zig:1    | Entered Level 1 of a ziggurat
141842 | Zig:2    | Entered Level 2 of a ziggurat
141880 | Zig:3    | Entered Level 3 of a ziggurat
141918 | Zig:4    | Entered Level 4 of a ziggurat
141981 | Zig:5    | Entered Level 5 of a ziggurat
141989 | Zig:5    | Noticed a juggernaut
142012 | Zig:5    | Killed a juggernaut
142053 | Zig:6    | Entered Level 6 of a ziggurat
142181 | Zig:7    | Entered Level 7 of a ziggurat
142256 | Zig:7    | Identified the Grimoire of Companions (You found it on level 7 of a ziggurat)
142271 | Zig:8    | Entered Level 8 of a ziggurat
142279 | Zig:8    | Noticed an ancient lich
142297 | Zig:8    | Killed an ancient lich
142454 | Zig:9    | Entered Level 9 of a ziggurat
142559 | Zig:9    | Got a transparent ruby amulet
142579 | Zig:9    | Identified the amulet of Kuggih {Gourm MR+ Dex+3} (You found it on level 9 of a ziggurat)
142581 | Zig:9    | Identified the Volume of the Compass and the Escort (You found it on level 9 of a ziggurat)
142589 | Zig:9    | Got a polished falchion
142639 | Zig:9    | Identified the +7 falchion "Arbiter" {pain, Str+2} (You found it on level 9 of a ziggurat)
142643 | Zig:10   | Entered Level 10 of a ziggurat
142837 | Zig:11   | Entered Level 11 of a ziggurat
142947 | Zig:11   | Got an ichor-stained cloak
142958 | Zig:11   | Identified the cursed +0 cloak "Zaseps" {rPois Regen+} (You found it on level 11 of a ziggurat)
143015 | Zig:12   | Entered Level 12 of a ziggurat
143026 | Zig:12   | Noticed Lohuyr the pandemonium lord
143062 | Zig:12   | Killed Lohuyr the pandemonium lord
143141 | Zig:12   | Identified Sif Muna's Compendium of Poison (You found it on level 12 of a ziggurat)
143199 | Zig:13   | Entered Level 13 of a ziggurat
143402 | Zig:14   | Entered Level 14 of a ziggurat
143671 | Zig:14   | Got a jewelled buckler
143682 | Zig:14   | Identified the cursed +0 buckler of Idghoph {rElec} (You found it on level 14 of a ziggurat)
143693 | Zig:14   | Got a dazzling leather armour
143710 | Zig:14   | Got a translucent scale mail
143730 | Zig:14   | Identified the cursed +0 leather armour of Leaves {rPois Stlth+} (You found it on level 14 of a ziggurat)
143748 | Zig:14   | Identified the +6 scale mail of Temperance {Dex+2} (You found it on level 14 of a ziggurat)
143822 | Zig:15   | Entered Level 15 of a ziggurat
144057 | Zig:15   | Got a flickering jade amulet
144061 | Zig:15   | Identified the amulet "Ehiargha" {Clar +Fly MR+} (You found it on level 15 of a ziggurat)
144063 | Zig:15   | Got a pitted broad axe
144064 | Zig:15   | Identified the +9 broad axe "Sulytir" {chop, Int+9} (You found it on level 15 of a ziggurat)
144091 | Zig:15   | Learned a level 8 spell: Lehudib's Crystal Spear
144101 | Zig:16   | Entered Level 16 of a ziggurat
144119 | Zig:16   | Noticed a juggernaut
144120 | Zig:16   | Noticed a juggernaut
144125 | Zig:16   | Noticed a juggernaut
144138 | Zig:16   | Killed a juggernaut
144160 | Zig:16   | Killed a juggernaut
144166 | Zig:16   | Killed a juggernaut
144244 | Zig:16   | Got a faintly glowing jade ring
144248 | Zig:16   | Got a scintillating granite ring
144251 | Zig:16   | Identified the ring of Efiumime {rPois rC+ rN+ Str+4 SInv} (You found it on level 16 of a ziggurat)
144253 | Zig:16   | Identified the ring of Sucemofa {+Fly Dex+5} (You found it on level 16 of a ziggurat)
144670 | Pan      | Noticed Cublunoem the pandemonium lord
144692 | Pan      | Killed Cublunoem the pandemonium lord
144795 | Pan      | Found an exit through the horrors of the Abyss.
145518 | Depths:3 | Escaped Pandemonium
145863 | Pan      | Entered Pandemonium
146130 | Pan      | Got a smoking buckler
146144 | Pan      | Identified the +0 buckler of Complete Protection {MP-9 Dex+8} (You took it off a cherub in Pandemonium)
146394 | Pan      | Found a white marble altar of Elyvilon.
147018 | Pan      | Noticed a seraph
147090 | Pan      | Killed a seraph
147134 | Pan      | Got a fine ring mail
147168 | Pan      | Found a glowing golden altar of the Shining One.
147249 | Pan      | Got an ebony hunting sling
147264 | Pan      | Identified Urhudial's Incunabulum of Blistering Conjuration
147266 | Pan      | Identified the +5 hunting sling "Wywunec" {venom, +Blink Dex+3} (You found it in Pandemonium)
147273 | Pan      | Identified the +1 ring mail of Zeestiozuar {-Cast rElec MR+++ SInv} (You took it off an angel in Pandemonium)
147569 | Pan      | Found a glowing silver altar of Zin.
148729 | Depths:3 | Escaped Pandemonium
148978 | Pan      | Entered Pandemonium
148978 | Pan      | Found an exit through the horrors of the Abyss.
149744 | Pan      | Noticed Pothruf the pandemonium lord
149751 | Pan      | Killed Pothruf the pandemonium lord
149921 | Pan      | Found an exit through the horrors of the Abyss.
150149 | Pan      | Got an ancient chain mail
150160 | Pan      | Identified the +5 chain mail "Numeagug" {rF+ Int+2 Slay+3} (You found it in Pandemonium)
150668 | Pan      | Got a bloodstained robe
150679 | Pan      | Identified the cursed +1 robe of Haysef {MR++} (You found it in Pandemonium)
150749 | Pan      | Found a runed door.
150991 | Pan      | Found an exit through the horrors of the Abyss.
150991 | Pan      | Found a gateway to a ziggurat.
150997 | Pan      | Paralysed by a giant eyeball for 2 turns
151593 | Pan      | Noticed Dineaxesk the pandemonium lord
151604 | Pan      | Killed Dineaxesk the pandemonium lord
151783 | Zig:1    | Entered Level 1 of a ziggurat
151809 | Zig:2    | Entered Level 2 of a ziggurat
151847 | Zig:3    | Entered Level 3 of a ziggurat
151872 | Zig:3    | Got a steaming dagger
151882 | Zig:3    | Learned a level 5 spell: Silence
151883 | Zig:4    | Entered Level 4 of a ziggurat
151918 | Zig:4    | Got a faintly glowing long sword
151929 | Zig:4    | Got a pitted tin ring
151933 | Zig:4    | Identified the cursed +1 long sword "Qiklavuq" {slice, rC+ MR+ Int+2} (You found it on level 4 of a ziggurat)
151934 | Zig:4    | Identified the +5 dagger "Gargoyle's Death" {vamp, +Rage Dex+6} (You found it on level 3 of a ziggurat)
151940 | Zig:4    | Identified the ring "Dunehum" {SustAt Int+3 Dex-5} (You found it on level 4 of a ziggurat)
151945 | Zig:5    | Entered Level 5 of a ziggurat
151958 | Zig:5    | Reached skill level 1 in Hexes
151997 | Zig:5    | Got a scorched triple sword
152006 | Zig:5    | Got a dazzling scale mail
152016 | Zig:5    | Identified the cursed +2 triple sword of Jourog {pain, rElec rPois Int-4 Dex+3} (You found it on level 5 of a ziggurat)
152029 | Zig:5    | Identified the +6 scale mail of Ypuyst {*Confuse Str+3 SInv} (You found it on level 5 of a ziggurat)
152059 | Zig:6    | Entered Level 6 of a ziggurat
152135 | Zig:6    | Got a warped shortbow
152143 | Zig:6    | Identified the +10 shortbow of Greed {venom, rN+ Str+2} (You found it on level 6 of a ziggurat)
152224 | Zig:7    | Entered Level 7 of a ziggurat
152297 | Zig:7    | Got a fine flail
152301 | Zig:7    | Got a brightly glowing crystal amulet
152303 | Zig:7    | Identified the Almanac of Arcane Weapons
152306 | Zig:7    | Identified Ivuquaci's Collected Works on Lucky Conjuration
152314 | Zig:7    | Identified the +7 flail "Maica" {crush, rPois} (You found it on level 7 of a ziggurat)
152315 | Zig:7    | Identified the amulet of Lugonu's Regard {Stasis rF+ Int+4 Slay+2} (You found it on level 7 of a ziggurat)
152378 | Zig:8    | Entered Level 8 of a ziggurat
152536 | Zig:9    | Entered Level 9 of a ziggurat
152547 | Zig:9    | Noticed Wuic the pandemonium lord
152584 | Zig:9    | Killed Wuic the pandemonium lord
152603 | Zig:9    | Identified Kiyth's Disquisition on Lethal Beguiling
152644 | Zig:10   | Entered Level 10 of a ziggurat
152700 | Zig:10   | Cast into the Abyss (chaos spawn)
152716 | Zig:10   | Escaped the Abyss
152767 | Zig:10   | Identified the Reference Book on Gliding Ice
152808 | Zig:11   | Entered Level 11 of a ziggurat
152821 | Zig:11   | Noticed an ancient lich
152839 | Zig:11   | Killed an ancient lich
152906 | Zig:11   | Got a shimmering ivory amulet
152934 | Zig:11   | Got a shimmering battleaxe
152936 | Zig:11   | Got a jewelled plate armour
152937 | Zig:11   | Identified the cursed +1 battleaxe of Desertification {freeze, rC- Str+5} (You found it on level 11 of a ziggurat)
152945 | Zig:11   | Got a fine robe
152956 | Zig:11   | Identified the +1 robe of Sorcery {rElec rF++ rC- MR+} (You found it on level 11 of a ziggurat)
152966 | Zig:11   | Identified the +4 plate armour of the Pink Corner {MR+} (You found it on level 11 of a ziggurat)
152972 | Zig:11   | Identified the amulet of Yforos {+Rage MR+ Str+3} (You found it on level 11 of a ziggurat)
152983 | Zig:12   | Entered Level 12 of a ziggurat
153380 | Zig:13   | Entered Level 13 of a ziggurat
153532 | Zig:13   | Got a heavily runed marble ring
153536 | Zig:13   | Got a twitching bronze ring
153555 | Zig:13   | Learned a level 2 spell: Stoneskin
153561 | Zig:13   | Identified the ring "Bongiub" {rElec rF- MR+ Stlth-} (You found it on level 13 of a ziggurat)
153563 | Zig:13   | Identified the ring "Ipyzejur" {rF+ MP+9 Str+3 Int+3} (You found it on level 13 of a ziggurat)
153573 | Zig:14   | Entered Level 14 of a ziggurat
153682 | Zig:14   | Got a crude brass ring
153690 | Zig:14   | Identified the ring of Xom's Entertainment {+/*Tele Dex+3} (You found it on level 14 of a ziggurat)
153700 | Zig:14   | Got a pair of warped gloves
153711 | Zig:14   | Identified the +0 pair of gloves of the Pit {Str+5} (You found it on level 14 of a ziggurat)
153732 | Zig:14   | Got a steaming steel amulet
153733 | Zig:14   | Identified the amulet of Gihaq {Stasis MP+9 Int+4} (You found it on level 14 of a ziggurat)
153783 | Zig:15   | Entered Level 15 of a ziggurat
153932 | Zig:15   | Got a brightly glowing iron amulet
153933 | Zig:15   | Identified the amulet "Nuopilet" {+Blink +Rage Dex-3 SInv} (You found it on level 15 of a ziggurat)
153947 | Zig:15   | Got a twitching tin ring
153965 | Zig:15   | Identified the ring "Daybit" {+Fly rPois Int+6 Slay+4} (You found it on level 15 of a ziggurat)
153968 | Zig:15   | Got an ancient iron ring
153970 | Zig:15   | Identified the ring of Fiugokly {Str+3 SInv Stlth-} (You found it on level 15 of a ziggurat)
153975 | Zig:15   | Identified a +4 rod of ignition (12/12) (You found it on level 15 of a ziggurat)
153980 | Zig:15   | Got a warped halberd
153986 | Zig:15   | Identified the +6 halberd of the Butterfly {vamp, rC+++ Int-3 Dex+2} (You found it on level 15 of a ziggurat)
154017 | Zig:16   | Entered Level 16 of a ziggurat
154151 | Zig:16   | Got a faintly humming plate armour
154162 | Zig:16   | Identified the +2 plate armour "Heotedghiog" {rPois rF+} (You found it on level 16 of a ziggurat)
154173 | Zig:16   | Got a brightly glowing robe
154179 | Zig:16   | Identified the cursed +1 robe "Yboleu" {rC- Str+5 Dex+7} (You found it on level 16 of a ziggurat)
154198 | Zig:16   | Got a warped morningstar
154199 | Zig:16   | Identified the +2 morningstar of a sewer {speed, rElec Int+2} (You found it on level 16 of a ziggurat)
154213 | Zig:16   | Learned a level 9 spell: Shatter
154220 | Zig:16   | Got a transparent jade amulet
154222 | Zig:16   | Identified the amulet "Ozuoqios" {Gourm rElec rPois rN+ Int-2} (You found it on level 16 of a ziggurat)
154412 | Pan      | Found an exit through the horrors of the Abyss.
154823 | Pan      | Found a runed door.
154872 | Pan      | Found a runed door.
154886 | Pan      | Found a runed door.
154896 | Pan      | Found a runed door.
155007 | Pan      | Noticed Plog the pandemonium lord
155022 | Pan      | Killed Plog the pandemonium lord
155037 | Pan      | Got a slimy broad axe
155038 | Pan      | Identified the cursed +0 broad axe of the Three Suns {drain, Int+2 Dex+4} (You found it in Pandemonium)
155206 | Pan      | Found an exit through the horrors of the Abyss.
155844 | Pan      | Noticed Ydghenuh the pandemonium lord
155861 | Pan      | Killed Ydghenuh the pandemonium lord
155891 | Pan      | Got a scorched ring mail
155902 | Pan      | Identified the +4 ring mail "Raugy" {Slay+2} (You found it in Pandemonium)
156097 | Pan      | Reached skill level 26 in Earth Magic
156205 | Pan      | Found an exit through the horrors of the Abyss.
156846 | Depths:3 | Escaped Pandemonium
157182 | Lair:1   | Learned a level 9 spell: Glaciate
157957 | Pan      | Entered Pandemonium
157976 | Pan      | Noticed Feewukidu the pandemonium lord
157996 | Pan      | Killed Feewukidu the pandemonium lord
158308 | Pan      | Found an exit through the horrors of the Abyss.
158893 | Pan      | Found an exit through the horrors of the Abyss.
158922 | Pan      | Noticed Ikuro Buss the pandemonium lord
158946 | Pan      | Killed Ikuro Buss the pandemonium lord
159089 | Pan      | Reached skill level 15 in Ice Magic
159125 | Pan      | Reached skill level 27 in Earth Magic
159389 | Pan      | Entered the realm of Mnoleg.
159422 | Pan      | Found an exit through the horrors of the Abyss.
159470 | Pan      | Noticed Mnoleg
159476 | Pan      | Paralysed by a giant eyeball for 3 turns
159490 | Pan      | Paralysed by a giant eyeball for 2 turns
159499 | Pan      | Paralysed by a giant eyeball for 4 turns
159519 | Pan      | Paralysed by a giant eyeball for 2 turns
159528 | Pan      | Killed Mnoleg
159538 | Pan      | Paralysed by a giant eyeball for 4 turns
159568 | Pan      | Paralysed by a giant eyeball for 4 turns
159576 | Pan      | Paralysed by a giant eyeball for 2 turns
159596 | Pan      | Got a glowing rune of Zot
160422 | Pan      | Entered the realm of Cerebov.
160537 | Pan      | Found an exit through the horrors of the Abyss.
160921 | Pan      | Got a distressingly furry scale mail
160932 | Pan      | Identified the +4 scale mail of Ixeom {rCorr} (You took it off a putrid demonspawn in Pandemonium)
161591 | Pan      | Got a dazzling flail {drain}
161595 | Pan      | Got a twitching silver ring
161602 | Pan      | Identified the ring "Vofeann" {+/*Tele rElec} (You took it off a balrug in Pandemonium)
161638 | Pan      | Noticed Cerebov
161665 | Pan      | Killed Cerebov
161788 | Pan      | Got a fiery rune of Zot
161839 | Pan      | Identified the +12 flail "Kipanonug" {drain, +Rage rN++ MP+9 Str-5} (You took it off a balrug in Pandemonium)
161841 | Pan      | Identified The Lost Handbook of the Deep Elf Lorekeeper (You found it in Pandemonium)
161878 | Pan      | Got a spiked plate armour
161889 | Pan      | Identified the +3 plate armour of the Beggar {Int+2} (You found it in Pandemonium)
162274 | Pan      | Noticed Ebloeg Xuc the pandemonium lord
162282 | Pan      | Found an exit through the horrors of the Abyss.
162307 | Pan      | Killed Ebloeg Xuc the pandemonium lord
162390 | Pan      | Got an ancient chain mail
162401 | Pan      | Identified the cursed +1 chain mail of Muinkir {*Drain rN+ Regen+ Dex+6} (You found it in Pandemonium)
163276 | Depths:3 | Escaped Pandemonium
163543 | Pan      | Entered Pandemonium
163878 | Pan      | Noticed Tuqateh the pandemonium lord
163883 | Pan      | Killed Tuqateh the pandemonium lord
164545 | Pan      | Found an exit through the horrors of the Abyss.
164685 | Pan      | Entered the realm of Gloorx Vloq.
165226 | Pan      | Found an exit through the horrors of the Abyss.
165350 | Pan      | Noticed Gloorx Vloq
165359 | Pan      | Killed Gloorx Vloq
165368 | Pan      | Got a dark rune of Zot
166515 | Pan      | Noticed Iliemoag the pandemonium lord
166529 | Pan      | Killed Iliemoag the pandemonium lord
167046 | Pan      | Found an exit through the horrors of the Abyss.
167678 | Pan      | Found an exit through the horrors of the Abyss.
168021 | Pan      | Got a scorched garnet amulet
168028 | Pan      | Got a sparkling sapphire amulet
168029 | Pan      | Identified the amulet "Otyddin" {Faith rF+} (You took it off an infernal demonspawn in Pandemonium)
168030 | Pan      | Identified the amulet of Ixeoduh {Gourm Dex+2} (You took it off a putrid demonspawn in Pandemonium)
168502 | Pan      | Found a gateway to a ziggurat.
168609 | Pan      | Noticed Yxoum the pandemonium lord
168620 | Pan      | Killed Yxoum the pandemonium lord
168743 | Pan      | Found an exit through the horrors of the Abyss.
169529 | Zig:1    | Entered Level 1 of a ziggurat
169552 | Zig:2    | Entered Level 2 of a ziggurat
169576 | Zig:3    | Entered Level 3 of a ziggurat
169604 | Zig:4    | Entered Level 4 of a ziggurat
169703 | Zig:4    | Got a shimmering chain mail
169726 | Zig:4    | Identified the +4 chain mail "Ewesunab" {Str+3} (You found it on level 4 of a ziggurat)
169739 | Zig:5    | Entered Level 5 of a ziggurat
169756 | Zig:5    | Got a jade-encrusted chain mail
169787 | Zig:5    | Identified the +10 chain mail of Loss {rC++ Str+4 Stlth-} (You found it on level 5 of a ziggurat)
169802 | Zig:6    | Entered Level 6 of a ziggurat
169837 | Zig:6    | Got an ancient bone ring
169844 | Zig:6    | Got a transparent glass ring
169855 | Zig:6    | Identified the ring "Zesaogg" {+Inv rElec Str+4 Int+3 Dex-3} (You found it on level 6 of a ziggurat)
169857 | Zig:6    | Identified the ring of Eteho {*Confuse +Inv rN+ MP+9} (You found it on level 6 of a ziggurat)
169866 | Zig:6    | Got a polished ring mail
169877 | Zig:6    | Identified the +8 ring mail of Pragmatism {*Contam rPois Dex+5} (You found it on level 6 of a ziggurat)
170093 | Zig:7    | Entered Level 7 of a ziggurat
170286 | Zig:8    | Entered Level 8 of a ziggurat
170321 | Zig:8    | Got a glittering ruby amulet
170330 | Zig:8    | Got a sparkling granite ring
170334 | Zig:8    | Identified the amulet "Poebipt" {Gourm Int+4} (You found it on level 8 of a ziggurat)
170337 | Zig:8    | Identified the ring of Mosorat {Wiz rElec Str-4 Int+2} (You found it on level 8 of a ziggurat)
170340 | Zig:8    | Got a jewelled war axe
170341 | Zig:8    | Identified the cursed +2 war axe "Fischis" {antimagic, Int+3} (You found it on level 8 of a ziggurat)
170457 | Zig:9    | Entered Level 9 of a ziggurat
170531 | Zig:9    | Identified the Grimoire of Earth (You found it on level 9 of a ziggurat)
170536 | Zig:9    | Identified Ockuniuwki's Incunabulum of Enhancements and Dark Rites (You found it on level 9 of a ziggurat)
170647 | Zig:10   | Entered Level 10 of a ziggurat
170661 | Zig:10   | Noticed Suiguzxi the pandemonium lord
170681 | Zig:10   | Killed Suiguzxi the pandemonium lord
170815 | Zig:10   | Identified the Reference Book on Earthen Self-Improvement (You found it on level 10 of a ziggurat)
170823 | Zig:10   | Identified the Guide on Flight (You found it on level 10 of a ziggurat)
170827 | Zig:11   | Entered Level 11 of a ziggurat
170990 | Zig:11   | Identified the Catalogue of Hexes
171009 | Zig:11   | Got a warped copper ring
171011 | Zig:11   | Identified the ring "Fyschax" {rN+ MR+ Dex+4 Slay+5 Stlth+} (You found it on level 11 of a ziggurat)
171020 | Zig:12   | Entered Level 12 of a ziggurat
171098 | Zig:12   | Identified the Catalogue of Toxins (You found it on level 12 of a ziggurat)
171189 | Zig:13   | Entered Level 13 of a ziggurat
171302 | Zig:13   | Identified the Incunabulum of Malediction (You found it on level 13 of a ziggurat)
171319 | Zig:13   | Got a fine jade ring
171321 | Zig:13   | Identified the ring of the Ant {rF+ SInv Stlth+} (You found it on level 13 of a ziggurat)
171444 | Zig:14   | Entered Level 14 of a ziggurat
171989 | Zig:14   | Got a pair of twisted boots
172000 | Zig:14   | Identified the +0 pair of boots of Lies {rF- Int-5 Dex+3 Slay+4} (You acquired it on level 14 of a ziggurat)
172014 | Zig:14   | Identified the Tome of Air and Battle Magic (You found it on level 14 of a ziggurat)
172044 | Zig:15   | Entered Level 15 of a ziggurat
172246 | Zig:15   | Got a translucent rapier
172247 | Zig:15   | Identified the +6 rapier of the Sage {elec, rPois Dex+2} (You found it on level 15 of a ziggurat)
172272 | Zig:16   | Entered Level 16 of a ziggurat
172330 | Zig:16   | Got a crystal quarterstaff
172336 | Zig:16   | Identified the +5 quarterstaff of Ickuhax {crush, rF+ MR- Str+3 Dex+9} (You found it on level 16 of a ziggurat)
172339 | Zig:16   | Got a bound platinum ring
172341 | Zig:16   | Identified the ring "Nerecs" {rN+ Str+3 Int-4 Dex-2 Stlth+} (You found it on level 16 of a ziggurat)
172356 | Zig:16   | Identified the Papyrus of Talismans and Evil (You found it on level 16 of a ziggurat)
172359 | Zig:16   | Identified the Reference Book on Flying Execration (You found it on level 16 of a ziggurat)
172477 | Zig:17   | Entered Level 17 of a ziggurat
172496 | Zig:17   | Noticed Takithal the pandemonium lord
172533 | Zig:17   | Reached skill level 27 in Conjurations
172537 | Zig:17   | Killed Takithal the pandemonium lord
172598 | Zig:17   | Identified a +6 rod of inaccuracy (9/9) (You found it on level 17 of a ziggurat)
172619 | Zig:17   | Got a crude chain mail
172630 | Zig:17   | Identified the +8 chain mail of Ru's Envy {rElec rF+ rCorr Int+2} (You found it on level 17 of a ziggurat)
172642 | Zig:17   | Got an ancient amber ring
172644 | Zig:17   | Identified the ring "Vatomog" {+Fly Int+2} (You found it on level 17 of a ziggurat)
172653 | Zig:17   | Got an encrusted morningstar
172654 | Zig:17   | Identified the +7 morningstar "Hulk" {speed, rF- rC+ MP-9 Dex+12} (You found it on level 17 of a ziggurat)
172668 | Zig:17   | Got a scorched plate armour
172674 | Zig:17   | Identified the cursed +1 plate armour of Divine Intervention {rN+} (You found it on level 17 of a ziggurat)
172893 | Depths:3 | Escaped Pandemonium
172908 | Pan      | Entered the realm of Lom Lobon.
172908 | Pan      | Entered Pandemonium
173128 | Pan      | Found an exit through the horrors of the Abyss.
173680 | Pan      | Noticed Lom Lobon
173691 | Pan      | Got a magical rune of Zot
174242 | Pan      | Killed Lom Lobon
175122 | Pan      | Noticed Saiciug the pandemonium lord
175134 | Pan      | Killed Saiciug the pandemonium lord
175241 | Pan      | Found an exit through the horrors of the Abyss.
175424 | Pan      | Found a gateway to a ziggurat.
175831 | Zig:1    | Entered Level 1 of a ziggurat
175877 | Zig:1    | Got an ancient quarterstaff
175883 | Zig:1    | Identified the cursed +3 quarterstaff "Lifebane" {antimagic, MR+ Int+2 Dex-5} (You found it on level 1 of a ziggurat)
176011 | Zig:2    | Entered Level 2 of a ziggurat
176089 | Zig:3    | Entered Level 3 of a ziggurat
176139 | Zig:4    | Entered Level 4 of a ziggurat
176219 | Zig:5    | Entered Level 5 of a ziggurat
176271 | Zig:5    | Got a bloodstained double sword
176272 | Zig:5    | Identified the +2 double sword of Qazlal's Anger {slice, rElec} (You found it on level 5 of a ziggurat)
176276 | Zig:6    | Entered Level 6 of a ziggurat
176378 | Zig:7    | Entered Level 7 of a ziggurat
176460 | Zig:7    | Identified a +7 rod of clouds (14/14) (You found it on level 7 of a ziggurat)
176665 | Zig:8    | Entered Level 8 of a ziggurat
176750 | Zig:8    | Got a glittering glass ring
176760 | Zig:8    | Identified the ring "Esuddul" {rN+ Str-5 Slay+5} (You found it on level 8 of a ziggurat)
176765 | Zig:9    | Entered Level 9 of a ziggurat
176854 | Zig:9    | Got a pair of twisted gloves
176865 | Zig:9    | Identified the cursed +0 pair of gloves "Odeqadgh" {rElec rPois rF- Int-2} (You found it on level 9 of a ziggurat)
176881 | Zig:10   | Entered Level 10 of a ziggurat
176893 | Zig:10   | Noticed Vec Saffou the pandemonium lord
176896 | Zig:10   | Reached skill level 27 in Ice Magic
176898 | Zig:10   | Killed Vec Saffou the pandemonium lord
176977 | Zig:10   | Identified the Catalogue of Snow and Conjuration
176996 | Zig:10   | Got an ichor-stained large shield
177007 | Zig:10   | Identified the +3 large shield of the Hall of Blades {-Tele rC+ Int+6} (You acquired it on level 10 of a ziggurat)
177059 | Zig:11   | Entered Level 11 of a ziggurat
177135 | Zig:11   | Got a bound granite ring
177140 | Zig:11   | Identified the ring of Unun {Wiz rElec rC- rN+ Int+6} (You found it on level 11 of a ziggurat)
177146 | Zig:11   | Identified the Collected Works on Malediction (You found it on level 11 of a ziggurat)
177238 | Zig:12   | Entered Level 12 of a ziggurat
177326 | Zig:12   | Identified the Compendium of Conjuration (You found it on level 12 of a ziggurat)
177330 | Zig:12   | Got a glittering ruby amulet
177331 | Zig:12   | Identified the amulet "Ybineuc" {rMut MR+ Int+3 Dex-5} (You found it on level 12 of a ziggurat)
177443 | Zig:13   | Entered Level 13 of a ziggurat
177635 | Zig:14   | Entered Level 14 of a ziggurat
177829 | Zig:14   | Identified Fuwosh's Guide on Creative Poison (You found it on level 14 of a ziggurat)
177833 | Zig:14   | Got a steaming lead ring
177835 | Zig:14   | Identified the ring "Bohyahauph" {rElec rPois rC- EV+3 Stlth+} (You found it on level 14 of a ziggurat)
177840 | Zig:14   | Identified a +3 rod of the swarm (11/11) (You found it on level 14 of a ziggurat)
177857 | Zig:14   | Identified the Collected Works on Attacks (You found it on level 14 of a ziggurat)
177860 | Zig:14   | Got a slimy ring mail
177871 | Zig:14   | Identified the cursed +1 ring mail of the Countless Souls {rC- Int+4} (You found it on level 14 of a ziggurat)
177885 | Zig:15   | Entered Level 15 of a ziggurat
178370 | Zig:15   | Got a sheer robe
178384 | Zig:15   | Identified the +0 robe "Wuck" {MR+ Regen+} (You found it on level 15 of a ziggurat)
178415 | Zig:15   | Identified the Tome of Ashen Evil Rituals (You found it on level 15 of a ziggurat)
178436 | Zig:15   | Got an encrusted scale mail
178442 | Zig:15   | Identified the cursed +1 scale mail of Faaxir {MR+ Regen+ Dex-2} (You found it on level 15 of a ziggurat)
178461 | Zig:15   | Got a dazzling buckler
178472 | Zig:15   | Identified the +0 buckler of Ulihyuc {*Corrode MR+++ Regen+ Int+2} (You acquired it on level 15 of a ziggurat)
178501 | Zig:16   | Entered Level 16 of a ziggurat
178611 | Zig:16   | Got a bound turquoise ring
178613 | Zig:16   | Identified the ring "Qyit" {*Confuse +Inv +Fly rN+++ Dex+5} (You found it on level 16 of a ziggurat)
178622 | Zig:16   | Identified the Volume of Darkness and the Glacier (You found it on level 16 of a ziggurat)
178915 | Pan      | Found an exit through the horrors of the Abyss.
179338 | Pan      | Identified the Incunabulum of Flight (You found it in Pandemonium)
179392 | Depths:3 | Escaped Pandemonium
179672 | Zot:5    | Noticed an orb of fire
179675 | Zot:5    | Killed an orb of fire
179697 | Zot:5    | Reached skill level 27 in Armour
179799 | Zot:5    | Noticed an orb of fire
179803 | Zot:5    | Killed an orb of fire
179814 | Zot:5    | Noticed an orb of fire
179963 | Zot:5    | Killed an orb of fire
180246 | Zot:5    | Noticed an orb of fire
180253 | Zot:5    | Killed an orb of fire
180555 | Zot:5    | Noticed an ancient lich
180560 | Zot:5    | Killed an ancient lich
180843 | Zot:5    | Noticed an ancient lich
180865 | Zot:5    | Killed an ancient lich
181066 | Zot:5    | Got the Orb of Zot
181169 | Zot:3    | Noticed Wuolufee the pandemonium lord
181178 | Zot:3    | Killed Wuolufee the pandemonium lord
181611 | D:12     | Noticed Mishoe the pandemonium lord
181930 | D:$      | Escaped with the Orb!

Action                   |  1- 3 |  4- 6 |  7- 9 | 10-12 | 13-15 | 16-18 | 19-21 | 22-24 | 25-27 || total
-------------------------+-------+-------+-------+-------+-------+-------+-------+-------+-------++-------
Melee: Flail             |    52 |       |   402 |   949 |   727 |       |       |       |   102 ||  2232
       Mace              |    17 |   159 |    13 |    90 |    12 |       |       |       |       ||   291
       Morningstar       |       |       |       |    83 |  1141 |  1563 |  2090 |  2142 |  4740 || 11759
       Sacred scourge    |       |       |       |       |       |       |       |   569 |  9415 ||  9984
       Staff             |       |       |       |       |       |       |       |     2 |    45 ||    47
       Eveningstar       |       |       |       |       |       |       |       |       |  8586 ||  8586
       Great mace        |       |       |       |       |       |       |       |       |  1728 ||  1728
 Fire: Hunting sling     |    58 |       |     5 |       |     4 |       |       |       |       ||    67
Throw: Stone             |       |       |    12 |     7 |    25 |       |       |       |       ||    44
       Tomahawk          |       |       |       |       |     1 |    20 |       |       |       ||    21
       Javelin           |       |       |       |       |       |       |       |     6 |     1 ||     7
 Cast: Throw Icicle      |       |       |       |       |       |     1 |       |     6 |       ||     7
       Repel Missiles    |       |       |       |       |       |       |     2 |     7 |    14 ||    23
       Haste             |       |       |       |       |       |       |       |       |   106 ||   106
       Glaciate          |       |       |       |       |       |       |       |       |    76 ||    76
       Lee's Rapid Decon |       |       |       |       |       |       |       |       |    70 ||    70
       Lehudib's Crystal |       |       |       |       |       |       |       |       |    66 ||    66
       Shatter           |       |       |       |       |       |       |       |       |    64 ||    64
       Iron Shot         |       |       |       |       |       |       |       |       |    45 ||    45
       Phase Shift       |       |       |       |       |       |       |       |       |    26 ||    26
       Deflect Missiles  |       |       |       |       |       |       |       |       |    23 ||    23
       Song of Slaying   |       |       |       |       |       |       |       |       |     7 ||     7
       Stoneskin         |       |       |       |       |       |       |       |       |     5 ||     5
       Blink             |       |       |       |       |       |       |       |       |     4 ||     4
       Controlled Blink  |       |       |       |       |       |       |       |       |     4 ||     4
       Summon Butterflie |       |       |       |       |       |       |       |       |     3 ||     3
       Silence           |       |       |       |       |       |       |       |       |     3 ||     3
       Apportation       |       |       |       |       |       |       |       |       |     1 ||     1
Invok: Recite            |       |       |     4 |       |       |       |       |       |    58 ||    62
       Vitalisation      |       |       |     1 |       |       |       |       |       |   150 ||   151
       Divine Shield     |       |       |       |    13 |    20 |    14 |     5 |    23 |    58 ||   133
       Cleansing Flame   |       |       |       |       |     2 |       |     2 |     2 |    15 ||    21
       Brand Weapon With |       |       |       |       |       |       |       |     1 |       ||     1
       Summon Divine War |       |       |       |       |       |       |       |     1 |     3 ||     4
       Donate Gold       |       |       |       |       |       |       |       |       |     2 ||     2
 Abil: Fly               |       |       |       |       |     1 |       |       |       |       ||     1
       Evoke Invisibilit |       |       |       |       |       |       |       |       |     6 ||     6
Evoke: Wand              |       |       |       |     2 |     4 |     1 |     3 |     4 |    45 ||    59
       Disc of storms    |       |       |       |     1 |       |     3 |       |       |     4 ||     8
       Fan of gales      |       |       |       |       |     2 |     1 |       |       |     3 ||     6
       Box of beasts     |       |       |       |       |     1 |     1 |       |       |     9 ||    11
       Deck              |       |       |       |       |       |     4 |       |     1 |    15 ||    20
       Rod               |       |       |       |       |       |       |     2 |     2 |     6 ||    10
       Stone of tremors  |       |       |       |       |       |       |       |       |    13 ||    13
       Phial of floods   |       |       |       |       |       |       |       |       |     3 ||     3
       Staff of energy   |       |       |       |       |       |       |       |       |    29 ||    29
       Sack of spiders   |       |       |       |       |       |       |       |       |     6 ||     6
       Lamp of fire      |       |       |       |       |       |       |       |       |     3 ||     3
  Use: Scroll            |       |     4 |     4 |    13 |    25 |    13 |    11 |     9 |   143 ||   222
       Potion            |       |       |     7 |     2 |     9 |     2 |     1 |     8 |    65 ||    94
 Stab: Confused          |       |       |     1 |       |       |       |       |       |    88 ||    89
       Sleeping          |       |       |       |       |     1 |     1 |       |     1 |     7 ||    10
       Distracted        |       |       |       |       |     1 |       |       |       |    28 ||    29
       Invisible         |       |       |       |       |       |       |       |       |    20 ||    20
       Paralysed         |       |       |       |       |       |       |       |       |    10 ||    10
       Petrified         |       |       |       |       |       |       |       |       |     3 ||     3
  Eat: Chunk             |     1 |     1 |     9 |    28 |    54 |    24 |    14 |    28 |   117 ||   276
       Bread ration      |       |     1 |       |     1 |     1 |       |     1 |     1 |    48 ||    53
       Meat ration       |       |       |     1 |       |       |     4 |     4 |       |    18 ||    27
       Pizza             |       |       |       |       |       |       |     1 |       |     5 ||     6
       Beef jerky        |       |       |       |       |       |       |       |     3 |    12 ||    15
       Fruit             |       |       |       |       |       |       |       |     1 |    11 ||    12
       Royal jelly       |       |       |       |       |       |       |       |       |    11 ||    11
